 Dungeon Crawl Stone Soup version 0.26-a0-1049-g242049e08c (webtiles) character file.

Game seed: 144519160327931743

12802844 1994 the Conqueror (level 27, 230/230 HPs)
             Began as an Octopode Fire Elementalist on Dec 11, 2020.
             Was the Champion of Vehumet.
             Escaped with the Orb
             ... and 15 runes on Dec 12, 2020!
             The game lasted 09:10:25 (126662 turns).

1994 the Conqueror (Octopode Fire Elementalist)   Turns: 126662, Time: 09:10:25

Health: 230/230    AC: 10    Str: 13    XL:     27
Magic:  19/52      EV: 40    Int: 53    God:    Vehumet [******]
Gold:   11595      SH: 32    Dex: 28    Spells: 3/76 levels left

rFire    + + +     SeeInvis +   a - staff of earth
rCold    + + +     Faith    .   z - +7 tower shield of the Mackerel {rN+ Str+4}
rNeg     + + +     Spirit   .   A - +0 mask of the Dragon {Will+ Slay+3 SInv}
rPois    +         Reflect  .   L - macabre finger necklace {rN+}
rElec    +         Harm     .   Q - ring of Contentment {*Drain Will+ Int+7 Dex+6}
rCorr    .         Rampage  .   V - ring of Donuhi {+Fly rN+ Dex+5}
Will     ++++.                  q - ring of the Death Scarab {rElec rC+ Int+8}
Stlth    +++.......             E - ring of Robustness {AC+8}
HPRegen  0.48/turn              N - ring "Geylill" {*Drain +Inv rElec rC+++ EV+4}
MPRegen  0.33/turn              y - ring of fire
                                k - +6 ring of intelligence
                                Y - +6 ring of intelligence
                                C - ring "Lait" {Wiz rPois rF+}

@: no status effects
A: almost no armour, stealthy swim, amphibious, 8 rings, constrict 8, rugged
brown scales 1, camouflage 1, agile 1, fire resistance 1, gelatinous body 1
0: Orb of Zot
}: 15/15 runes: serpentine, barnacled, slimy, silver, golden, iron, obsidian,
icy, bone, abyssal, demonic, glowing, magical, fiery, dark
a: Renounce Religion, Evoke Invisibility, Evoke Flight


You escaped.
You worshipped Vehumet.
Vehumet was exalted by your worship.
You visited 18 branches of the dungeon, and saw 88 of its levels.
You visited Pandemonium 3 times, and saw 27 of its levels.
You visited the Abyss 3 times.
You also visited: Ice Cave.

You collected 19870 gold pieces.
You spent 8275 gold pieces at shops.

Inventory:

Hand Weapons
 w - the +9 staff of Wucad Mu {channel}
   (You acquired it on level 3 of the Elven Halls)
 R - the +4 staff of Dispater
   (You took it off Dispater on level 7 of the Iron City of Dis)
 W - the +8 dagger of Asibauni {vorpal, +Blink Str+3 Int+4}
   (You took it off a torturous demonspawn in Pandemonium)

   It inflicts extra damage upon your enemies.
   It affects your strength (+3).
   It affects your intelligence (+4).
   It lets you blink.
Missiles
 g - 3 throwing nets
Armour
 z - the +7 tower shield of the Mackerel (worn) {rN+ Str+4}
   (You acquired it on level 5 of the Depths)

   It affects your strength (+4).
   It protects you from negative energy.
 A - the +0 mask of the Dragon (worn) {Will+ Slay+3 SInv}
   (You bought it in a shop on level 2 of the Orcish Mines)

   It affects your accuracy and damage with ranged weapons and melee attacks
   (+3).
   It affects your willpower, your defense against some magical effects.
   It lets you see invisible.
Magical Staves
 a - an uncursed staff of earth (weapon)
 b - an uncursed staff of conjuration
Jewellery
 h - the ring "Ojeghyloi" {Wiz rF++ Str-3 Dex+2 Slay+6}
   (You took it off Asmodeus on level 7 of Gehenna)

   [ring of wizardry]

   It improves your spell success rate.
   It affects your strength (-3).
   It affects your dexterity (+2).
   It affects your accuracy and damage with ranged weapons and melee attacks
   (+6).
   It greatly protects you from fire.
 k - a +6 ring of intelligence (on tentacle)
 q - the ring of the Death Scarab (on tentacle) {rElec rC+ Int+8}
   (You took it off a deep elf annihilator on level 3 of the Elven Halls)

   [ring of protection from cold]

   It affects your intelligence (+8).
   It protects you from cold.
   It insulates you from electricity.
 y - a ring of fire (on tentacle)
 C - the ring "Lait" (on amulet) {Wiz rPois rF+}
   (You bought it in a shop on level 2 of the Orcish Mines)

   [ring of wizardry]

   It improves your spell success rate.
   It protects you from fire.
   It protects you from poison.
 E - the ring of Robustness (on tentacle) {AC+8}
   (You found it on level 5 of the Pits of Slime)

   [ring of protection]

   It affects your AC (+8).
 L - the macabre finger necklace (around mantle) {rN+}
   (You bought it in a shop on level 1 of the Orcish Mines)

   [amulet of nothing]

   It protects you from negative energy.
 N - the ring "Geylill" (on tentacle) {*Drain +Inv rElec rC+++ EV+4}
   (You bought it in a shop on level 3 of the Snake Pit)

   [ring of evasion]

   It affects your evasion (+4).
   It renders you almost immune to cold.
   It insulates you from electricity.
   It lets you turn invisible.
   It causes draining when unequipped.
 O - the ring "Qualar" {rElec rN+ rCorr}
   (You found it in Pandemonium)

   [ring of resist corrosion]

   It insulates you from electricity.
   It protects you from negative energy.
   It provides partial protection from all sources of acid and corrosion.
 P - the ring "Xaur" {rF+ MP+9 Slay+4}
   (You bought it in a shop on level 3 of the Snake Pit)

   [ring of slaying]

   It affects your accuracy and damage with ranged weapons and melee attacks
   (+4).
   It protects you from fire.
   It affects your magic capacity (+9).
 Q - the ring of Contentment (left tentacle) {*Drain Will+ Int+7 Dex+6}
   (You found it on level 7 of the Iron City of Dis)

   [ring of willpower]

   It affects your intelligence (+7).
   It affects your dexterity (+6).
   It affects your willpower, your defense against some magical effects.
   It causes draining when unequipped.
 U - the ring of Okawaru's Favour {+Fly MP-9 Str+3 Int+7 Stlth-}
   (You found it on level 5 of the Pits of Slime)

   [ring of flight]

   It affects your strength (+3).
   It affects your intelligence (+7).
   It affects your magic capacity (-9).
   It lets you fly.
   It makes you less stealthy.
 V - the ring of Donuhi (right tentacle) {+Fly rN+ Dex+5}
   (You found it on level 2 of the Realm of Zot)

   [ring of positive energy]

   It affects your dexterity (+5).
   It protects you from negative energy.
   It lets you fly.
 Y - a +6 ring of intelligence (on tentacle)
Wands
 t - a wand of acid (42)
 X - a wand of digging (21)
 Z - a wand of iceblast (55) (quivered)
Scrolls
 c - 34 scrolls of teleportation
 f - 21 scrolls of blinking
 n - 8 scrolls of magic mapping
 o - 31 scrolls of remove curse
 v - 13 scrolls of fog
 x - 4 scrolls of holy word
 F - 2 scrolls of silence
 G - 8 scrolls of fear
 I - 36 scrolls of identify
Potions
 d - 9 potions of resistance
 e - 5 potions of invisibility
 i - 10 potions of flight
 j - 25 potions of curing
 l - 12 potions of might
 m - 4 potions of berserk rage
 p - 13 potions of heal wounds
 r - 11 potions of cancellation
 D - 8 potions of brilliance
 H - 14 potions of magic
 J - 2 potions of mutation
 S - 7 potions of lignification
 T - 7 potions of haste
Miscellaneous
 s - a figurine of a ziggurat
 u - a lightning rod (4/4)
 M - a condenser vane


   Skills:
 O Level 27 Fighting
 - Level 8.0 Staves
 * Level 22.1 Dodging
 - Level 17.7 Stealth
 - Level 25.0 Shields
 - Level 18.1 Unarmed Combat
 * Level 25.4 Spellcasting
 - Level 20.0 Conjurations
 - Level 3.0 Translocations
 - Level 11.0 Transmutations
 - Level 20.1 Fire Magic
 - Level 21.0 Ice Magic
 + Level 24.8 Earth Magic
 - Level 15.0 Evocations


You had 3 spell levels left.
You knew the following spells:

 Your Spells              Type           Power        Failure   Level
a - Statue Form           Tmut/Erth      #########    0%          6
b - Iron Shot             Conj/Erth      #########.   0%          6
c - Apportation           Tloc           ######       1%          1
d - Fireball              Conj/Fire      #########.   0%          5
e - Ignition              Fire           #########.   1%          8
f - Fire Storm            Conj/Fire      #########.   1%          9
g - Irradiate             Conj/Tmut      ########..   0%          5
h - Passwall              Tmut/Erth      ########     0%          2
i - Passage of Golubria   Tloc           N/A          1%          4
j - Blink                 Tloc           N/A          1%          2
k - Shatter               Erth           #########.   1%          9
l - Absolute Zero         Ice            ########..   1%          9
m - Spellforged Servitor  Conj/Summ      ########..   1%          7

Your spell library contained the following spells:

 Spells                   Type           Power        Failure   Level
 Chain Lightning          Conj/Air       ########..   1%          8
 Tornado                  Air            ######....   100%        9
 Beastly Appendage        Tmut           ######       0%          1
 Foxfire                  Conj/Fire      ####         0%          1
 Freeze                   Ice            ####         0%          1
 Magic Dart               Conj           ####         0%          1
 Sandblast                Erth           ######       0%          1
 Shock                    Conj/Air       ####         0%          1
 Sting                    Tmut/Pois      ####         0%          1
 Ensorcelled Hibernation  Hex/Ice        ######       0%          2
 Searing Ray              Conj           ######       0%          2
 Wereblood                Tmut           ########     0%          2
 Conjure Flame            Conj/Fire      ########     0%          3
 Dazzling Flash           Conj/Hex       ######       0%          3
 Frozen Ramparts          Ice            ######       0%          3
 Ignite Poison            Fire/Tmut/Pois ########     0%          3
 Inner Flame              Hex/Fire       ########     0%          3
 Ozocubu's Armour         Ice            ########     0%          3
 Static Discharge         Conj/Air       ########     0%          3
 Stone Arrow              Conj/Erth      ######       0%          3
 Animate Skeleton         Necr           ######       1%          1
 Corona                   Hex            ######.      1%          1
 Pain                     Necr           ####         1%          1
 Summon Small Mammal      Summ           ####         1%          1
 Call Imp                 Summ           ######..     1%          2
 Corpse Rot               Necr/Air       N/A          1%          2
 Poisonous Vapours        Pois/Air       ######       1%          2
 Slow                     Hex            ######..     1%          2
 Sublimation of Blood     Necr           ######....   1%          2
 Swiftness                Air            ######..     1%          2
 Call Canine Familiar     Summ           ######..     1%          3
 Confusing Touch          Hex            ######..     1%          3
 Gell's Gravitas          Tloc           #######...   1%          3
 Lesser Beckoning         Tloc           #######...   1%          3
 Mephitic Cloud           Conj/Pois/Air  #######.     1%          3
 Portal Projectile        Hex/Tloc       ######       1%          3
 Spider Form              Tmut/Pois      #######...   1%          3
 Summon Guardian Golem    Hex/Summ       ######..     1%          3
 Teleport Other           Tloc           #######.     1%          3
 Tukima's Dance           Hex            ######..     1%          3
 Vampiric Draining        Necr           ######....   1%          3
 Hailstorm                Conj/Ice       ########     0%          4
 Ice Form                 Ice/Tmut       ########     0%          4
 Iskenderun's Mystic Bla  Conj/Tloc      ########     0%          4
 Leda's Liquefaction      Hex/Erth       ########..   0%          4
 Petrify                  Tmut/Erth      ########     0%          4
 Sticky Flame             Conj/Fire      ########     0%          4
 Summon Ice Beast         Ice/Summ       ########     0%          4
 Bolt of Magma            Conj/Fire/Erth #########.   0%          5
 Iskenderun's Battlesphe  Conj           ########     0%          5
 Lee's Rapid Deconstruct  Erth           #########.   0%          5
 Ozocubu's Refrigeration  Ice            ########..   0%          6
 Starburst                Conj/Fire      #########.   0%          6
 Airstrike                Air            ######....   1%          4
 Animate Dead             Necr           ######....   1%          4
 Cause Fear               Hex            ######....   1%          4
 Dispel Undead            Necr           ######..     1%          4
 Fulminant Prism          Conj/Hex       ########..   1%          4
 Olgreb's Toxic Radiance  Pois           ######..     1%          4
 Summon Lightning Spire   Summ/Air       ######..     1%          4
 Agony                    Necr           ######..     1%          5
 Alistair's Intoxication  Tmut/Pois      #######..    1%          5
 Blade Hands              Tmut           ########..   1%          5
 Borgnjor's Vile Clutch   Necr/Erth      ########..   1%          5
 Lightning Bolt           Conj/Air       ########..   1%          5
 Metabolic Englaciation   Hex/Ice        ########..   1%          5
 Silence                  Hex/Air        ######....   1%          5
 Summon Forest            Summ/Tloc      ######....   1%          5
 Yara's Violent Unravell  Hex/Tmut       #######...   1%          5
 Conjure Ball Lightning   Conj/Air       ########..   1%          6
 Eringya's Noxious Bog    Tmut/Pois      #######...   1%          6
 Freezing Cloud           Conj/Ice/Air   ########..   1%          6
 Hydra Form               Tmut           ########..   1%          6
 Simulacrum               Ice/Necr       ########..   1%          6
 Dragon Form              Tmut           ########..   1%          7
 Orb of Destruction       Conj           ########..   1%          7
 Lehudib's Crystal Spear  Conj/Erth      #########.   1%          8
 Dispersal                Tloc           #######...   2%          6
 Death Channel            Necr           ######....   9%          6
 Invisibility             Hex            ######..     9%          6
 Malign Gateway           Summ/Tloc      ######....   26%         7
 Necromutation            Tmut/Necr      #######...   38%         8
 Haunt                    Necr/Summ      ######....   43%         7
 Monstrous Menagerie      Summ           ######....   43%         7
 Summon Greater Demon     Summ           ######....   43%         7
 Summon Hydra             Summ           ######....   43%         7
 Disjunction              Tloc           #######...   71%         8
 Borgnjor's Revivificati  Necr           ######....   98%         8
 Discord                  Hex            ######....   98%         8
 Infestation              Necr           ######....   98%         8
 Summon Horrible Things   Summ           ######....   98%         8
 Death's Door             Necr           ######....   100%        9
 Dragon's Call            Summ           ######....   100%        9


Dungeon Overview and Level Annotations

Branches:
Dungeon (15/15)            Temple (1/1) D:7            Lair (6/6) D:9
 Shoals (4/4) Lair:2        Snake (4/4) Lair:4        Slime (5/5) Lair:6
    Orc (2/2) D:11            Elf (3/3) Orc:2        Vaults (5/5) D:14
  Crypt (3/3) Vaults:3       Tomb (3/3) Crypt:3      Depths (5/5) D:15
   Hell (visited)             Dis (7/7) Hell            Geh (7/7) Hell
    Coc (7/7) Hell            Tar (7/7) Hell            Zot (5/5) Depths:5
  IceCv (visited)

Altars:
Ashenzari
Cheibriados
Dithmenos
Elyvilon
Fedhas
Gozag
Hepliaklqana
Kikubaaqudgha
Makhleb
Nemelex Xobeh
Okawaru
Qazlal
Ru
Sif Muna
Trog
Uskayaw
Vehumet
Wu Jian
Xom
Yredelemnul
Zin
The Shining One
Beogh
Jiyva

Shops:
D:8 *[*=   D:14 }   Orc:1 =   Orc:2 [[*[   Elf:1 *   Elf:2 (   Snake:2 (
Snake:3 =}=   Depths:5 [[?

Portals:
Hell: Depths:1 Depths:2 Depths:3 Depths:4 Depths:5
Abyss: Depths:1 Depths:2 Depths:4
Pandemonium: Depths:3 Depths:4
Ziggurat: Depths:2

Annotations:
D:9 tower shield rN+
D:10 exclusion: upstairs
Shoals:1 rf+ buckler
Elf:3 1 exclusion
Tomb:2 2 exclusions
Zot:2 +7 tower shield rN+
Zot:3 exclusion: door


Innate Abilities, Weirdness & Mutations

You cannot wear most types of armour.
You are very stealthy in the water. (Stealth+)
You are amphibious.
You can wear up to eight rings at the same time.
You can use your tentacles to constrict eight enemies at once.
Your skin changes colour to match your surroundings (Stealth+).
Your rubbery body absorbs attacks. (AC +1, EV +1)
You are partially covered in rugged brown scales. (AC +1, +3% HP)
You are agile. (Dex +2)
Your flesh is heat resistant. (rF+)


Message History

You chill the Tzitzimitl to absolute zero!
The Tzitzimitl is frozen into a solid block of ice!
You kill the Tzitzimitl!
Vehumet accepts your kill.
You feel your power returning.
Unknown command.
Unknown command.
Unknown command.
You hit the Tzitzimitl shaped block of ice.
You shatter the Tzitzimitl shaped block of ice!!
You squeeze the Tzitzimitl shaped block of ice, but do no damage.
The Tzitzimitl shaped block of ice is almost destroyed.
You hit the Tzitzimitl shaped block of ice but do no damage.
The Tzitzimitl shaped block of ice is almost destroyed.
You hit the Tzitzimitl shaped block of ice but do no damage.
You shatter the Tzitzimitl shaped block of ice!!
You destroy the Tzitzimitl shaped block of ice!
There is an open door here.
There is a staircase leading out of the dungeon here.
You have escaped!

#.# #.#
###.##).
#.# #.#
#.....vv
#.#
#####.###
#..###..
#.#
#.......#
#.. #[#
#####.#
###...###.#
#.# #..
#.....#
#...#.# #.#
#.# #..
#.#####
#.###'# #.#
#.# ##. #.#
#.##♣.♣##.#
#.# #. #.#
#.'..@..'.#
#.# #. #.#
####≈≈≈####
#.# #. #.#


#PPP# #.# ## ###.# ###### #.# # ....##### #.# #.# # ###.....# ##.## #.# #
#.###.# ##.#.## #.# ### #.###.####.###.### #.# #.. ##.........## ##..# #.####..
There were no monsters in sight!

Vanquished Creatures
  Cerebov (Pan)
  Antaeus (Coc:7)
  the Royal Jelly (Slime:5)
  Asmodeus (Geh:7)
  Gloorx Vloq (Pan)
  Lom Lobon (Pan)
  the Serpent of Hell (Dis:7)
  Mnoleg (Pan)
  A seraph (Pan)
  Khufu (Tomb:1)
  Dispater (Dis:7)
  11 pandemonium lords
  4 orbs of fire
  The ghost of Ufemuhich the Conqueror, a legendary MiBe of Trog (Zot:2)
  10 ancient liches
  Mara (D:15)
  3 juggernauts
  The ghost of Larunk the Cloud Mage, a veteran DgAE (Depths:3)
  The ghost of Utoppaes the Warrior, a veteran GrFi of the Shining One (Crypt:2)
  7 shard shrikes
  26 royal mummies
  Boris (Tomb:2)
  2 caustic shrikes (Depths:4)
  A curse toe (Zot:5)
  Frederick (Vaults:3)
  2 Killer Klowns (Zot:5)
  Bai Suzhen (Depths:1)
  Saint Roka (Vaults:5)
  Nikola (Shoals:4)
  9 golden dragons
  Geryon (Hell)
  12 bone dragons
  20 Brimstone Fiends
  5 doom hounds
  6 electric golems
  32 Tzitzimimeh
  7 iron giants
  27 tentacled monstrosities
  17 liches
  15 Hell Sentinels
  3 hellephants
  2 deep elf blademasters
  27 Ice Fiends
  Jorgrun (D:12)
  26 Orb Guardians
  The ghost of thewurscht the Warrior, an adept BaFi of Cheibriados (Elf:3)
  3 titans
  A deep elf master archer (Elf:3)
  11 quicksilver dragons
  32 acid blobs
  22 ancient champions
  12 death cobs
  36 Executioners
  A kraken (Shoals:1)
  12 sphinxes
  Frances (Snake:1)
  Polyphemus (Shoals:2)
  Gastronok (D:8)
  7 tentacled starspawn
  A sphinx (shapeshifter) (Vaults:5)
  6 tengu reavers
  14 shadow dragons
  19 storm dragons
  14 azure jellies
  10 draconian monks
  5 daevas
  13 nagarajas
  3 revenants
  16 vault wardens
  9 deep elf sorcerers
  The ghost of thewurscht the Severer, a journeyman MiFi of Okawaru (Orc:2)
  6 draconian knights
  16 warmongers (Pan)
  3 iron dragons (Dis:7)
  The ghost of binko the Impaler, a journeyman FoFi of Cheibriados (Lair:5)
  18 fire giants
  13 frost giants
  10 draconian scorchers
  Aizul (Elf:3)
  24 cacodemons
  11 angels (Pan)
  8 draconian shifters
  4 curse skulls
  3 ghost moths
  40 balrugs
  7 deep elf elementalists
  3 draconian stormcallers
  84 reapers
  12 ironheart preservers
  A ghoul (Crypt:2)
  5 draconian annihilators
  18 war gargoyles
  23 very ugly things
  7 elemental wellsprings
  19 corrupters (Pan)
  19 stone giants
  15 blood saints (Pan)
  11 lorocyprocas (Pan)
  10 black suns
  2 bennus (Tomb:2)
  16 vampire knights
  5 black draconians
  10 ophanim (Pan)
  10 deep elf demonologists
  An entropy weaver (Vaults:5)
  12 red draconians
  6 dire elephants (Abyss:3)
  The ghost of MrPhil the Severer, a journeyman HOFi of Wu Jian (Orc:2)
  10 purple draconians
  7 green draconians
  6 deep elf annihilators
  7 white draconians
  A bunyip (shapeshifter) (Depths:3)
  18 yellow draconians
  5 merfolk javelineers (Shoals:4)
  23 green deaths
  3 spark wasps (Depths:2)
  6 merfolk impalers
  Snorg (D:11)
  27 mummy priests
  4 death oozes
  13 ettins
  A crystal guardian (Vaults:4)
  24 blizzard demons
  16 fire dragons
  7 quicksilver dragon zombies
  17 deep elf death magi
  A spectral kraken (Tar:7)
  24 yaktaur captains
  14 great orbs of eyes
  8 deep elf high priests
  6 jiangshi
  4 kraken zombies
  15 naga warriors
  8 spriggan air magi
  9 hydras
  5 quicksilver dragon skeletons
  33 vault guards
  Harold (D:7)
  10 boulder beetles
  13 rakshasas
  3 catoblepae
  8 hell beasts
  25 ice dragons
  12 monstrous demonspawn
  2 merfolk aquamancers (Shoals:4)
  12 centaur warriors
  The ghost of Floopie the Cleaver, a novice DDDe of Makhleb (Orc:2)
  2 alligators (Shoals:3)
  7 anacondas
  4 ghost crabs
  3 merfolk avatars
  Erica (Lair:1)
  2 satyrs
  58 two-headed ogres
  26 dancing weapons
  33 death scarabs
  A two-headed ogre (shapeshifter) (Vaults:5)
  A catoblepas (shapeshifter) (Vaults:5)
  19 ogre magi
  5 death knights
  4 death yaks (Shoals:2)
  8 small abominations
  6 deep troll shamans
  10 tengu warriors
  5 thrashing horrors
  4 alligator snapping turtles
  6 deep troll earth magi
  8 vampire magi
  11 shock serpents
  9 spriggan berserkers
  12 naga sharpshooters
  3 storm dragon zombies
  Nergalle (D:12)
  15 hell hogs
  52 sun demons
  8 titan zombies
  55 large abominations
  3 spriggans
  48 hell knights
  47 soul eaters
  3 iron trolls (Hell)
  6 titan skeletons
  4 salamander mystics
  8 wretched stars
  32 sixfirhies
  A fire crab (Shoals:1)
  4 golden dragon zombies
  8 shadow wraiths
  An iron golem (Hell)
  7 unseen horrors
  12 anaconda zombies
  25 deep elf knights
  6 storm dragon skeletons
  18 sea snakes
  13 flayed ghosts
  2 spatial maelstroms (Abyss:3)
  12 gelid demonspawn (Pan)
  30 shadow demons
  132 skeletal warriors
  15 torturous demonspawn (Pan)
  11 cherubim
  2 naga ritualists (Snake:2)
  18 infernal demonspawn
  11 starcursed masses
  A ghost moth zombie (Dis:7)
  3 lindwurms
  A swamp dragon (Zot:2)
  24 deep elf archers
  A kraken simulacrum (Shoals:4)
  4 golden dragon skeletons
  11 shadow dragon zombies
  23 phantasmal warriors
  A tengu zombie (Depths:3)
  7 wizards
  12 ironbrand convokers
  10 anaconda skeletons
  13 orc knights
  A lindwurm (shapeshifter) (Depths:3)
  8 glowing orange brains
  18 deep trolls
  19 necromancers
  A wolf spider zombie (Coc:7)
  8 mana vipers
  19 harpies
  5 iron dragon zombies
  7 iron dragon skeletons
  A salamander (shapeshifter) (Depths:3)
  78 deep elf magi
  6 stone giant zombies
  24 ugly things
  9 fauns
  10 fire giant zombies
  2 worldbinders
  9 manticores
  4 orc sorcerers
  2 wolf spiders
  3 frost giant zombies
  14 shining eyes
  38 moths of wrath
  2 shadow dragon skeletons
  A shock serpent zombie (Tar:7)
  7 merfolk sirens
  8 water nymphs
  11 salamanders
  10 cyclopes
  8 frost giant skeletons
  18 fire giant skeletons
  36 black mambas
  12 elephants
  2 dire elephant zombies
  8 stone giant skeletons
  8 guardian serpents
  5 ice statues
  6 eyes of devastation
  2 centaur skeletons
  A torpor snail (Lair:6)
  3 apocalypse crabs
  39 smoke demons
  23 orange demons (Pan)
  17 vault sentinels
  5 gargoyles
  16 naga magi
  5 shock serpent skeletons
  38 rust devils
  2 emperor scorpion zombies
  4 catoblepas zombies
  Maurice (D:13)
  10 cane toads
  4 dire elephant skeletons
  10 spectral swamp worms (Tar:7)
  Maggie (D:8)
  12 molten gargoyles
  2 minotaur zombies
  7 human zombies
  A komodo dragon (shapeshifter) (Vaults:3)
  46 hellions
  A rime drake (shapeshifter) (Vaults:2)
  35 freezing wraiths
  6 rime drakes
  4 efreet
  10 komodo dragons
  42 yaktaurs
  A kobold demonologist (Depths:1)
  55 tormentors
  29 ice devils
  33 hellwings
  2 catoblepas skeletons
  12 demonic crawlers
  60 red devils
  2 tengu conjurers
  A silent spectre (Tar:1)
  An anaconda simulacrum (Hell)
  A harpy zombie (Dis:1)
  45 guardian mummies
  2 polar bears
  2 iron troll skeletons
  A queen bee (shapeshifter) (Depths:2)
  9 trolls
  A jumping spider (shapeshifter) (Depths:4)
  5 ancient zymes
  A meliai (shapeshifter) (Depths:3)
  17 hydra zombies
  31 merfolk
  5 hornets
  3 harpy skeletons
  2 raiju (shapeshifter)
  5 alligator zombies
  8 hydra skeletons
  8 raiju
  An iron dragon simulacrum (Crypt:1)
  9 snapping turtles
  A stone giant simulacrum (Vaults:1)
  8 wind drakes
  4 fire dragon zombies
  5 ettin zombies
  A dream sheep (shapeshifter) (Depths:2)
  20 dream sheep
  A fire giant simulacrum (Tar:7)
  7 alligator skeletons
  17 blink frogs
  104 slime creatures
  12 fire dragon skeletons
  A centaur simulacrum (D:15)
  3 ice dragon skeletons
  A black mamba zombie (Crypt:3)
  An ettin skeleton (Geh:3)
  98 flying skulls
  18 water elementals
  24 shadows
  An air elemental (Elf:3)
  A vampire (D:10)
  A dire elephant simulacrum (Coc:7)
  2 redbacks (Vaults:5)
  40 ushabtiu
  38 wraiths
  2 humans (shapeshifter)
  10 basilisks
  12 wyverns
  44 ynoxinuls
  8 humans (D:14)
  2 black mamba skeletons
  9 golden eyes (Slime:3)
  Grum (D:11)
  12 fire elementals
  2 fire bats (Shoals:1)
  A golden eye (shapeshifter) (Depths:2)
  41 chaos spawn
  2 vampire mosquitoes (D:14)
  39 neqoxecs
  34 yaks
  4 steam dragons (Lair:6)
  6 wargs (Orc:2)
  A harpy simulacrum (Coc:7)
  A soldier ant (D:13)
  A swamp worm (shapeshifter) (Vaults:5)
  A merfolk zombie (Dis:7)
  11 spatial vortices (Abyss:3)
  69 nagas
  4 acid dragons
  77 hell hounds
  A floating eye (Depths:3)
  17 water moccasins
  6 cane toad zombies
  2 swamp drakes (Lair:6)
  A hornet zombie (D:15)
  6 sky beasts
  54 orc warriors
  5 eyes of draining
  36 ice beasts
  An ice dragon simulacrum (Hell)
  2 black bears (shapeshifter)
  A manticore zombie (Dis:7)
  27 necrophages
  4 orc skeletons
  7 cane toad skeletons
  3 snapping turtle zombies
  9 phantoms
  9 boggarts
  2 black bears
  A black mamba simulacrum (Coc:2)
  3 swamp dragon zombies
  32 ogres
  4 manticore skeletons
  4 snapping turtle skeletons
  13 wolves
  5 human skeletons
  5 swamp dragon skeletons
  A blink frog skeleton (Crypt:2)
  21 centaurs
  2 elf zombies (Dis:7)
  2 big kobolds (Depths:1)
  A yaktaur zombie (Vaults:1)
  A rime drake skeleton (Crypt:2)
  14 bullfrogs
  3 earth elementals
  An elf skeleton (Geh:2)
  A wyvern skeleton (D:8)
  2 scorpions
  A hornet simulacrum (D:15)
  14 killer bees
  A spriggan zombie (Dis:7)
  3 troll zombies
  90 wights
  3 spriggan skeletons
  9 howler monkeys
  2 electric eels
  5 lava snakes (Lair:6)
  17 crimson imps
  2 bullfrog zombies
  A demonspawn zombie (Crypt:1)
  3 quasits
  9 centaur zombies
  5 hounds
  2 bullfrog skeletons
  26 orc priests
  6 jellies
  34 orc wizards
  3 iguanas
  25 iron imps
  Terence (D:1)
  12 hell rats
  6 worker ants
  A felid zombie (Crypt:2)
  An ogre zombie (Crypt:2)
  An acid dragon zombie (Crypt:1)
  2 tengu skeletons
  2 deep dwarf skeletons (Crypt:1)
  2 naga skeletons
  2 hound skeletons
  50 mummies
  Robin (D:3)
  8 gnolls
  A howler monkey skeleton (D:7)
  14 adders
  A scorpion zombie (Crypt:1)
  2 steam dragon skeletons
  10 shadow imps
  17 white imps
  6 ufetubi
  An ooze (D:2)
  A worm zombie (Crypt:2)
  3 adder zombies
  An adder skeleton (D:5)
  3 worms
  4 dart slugs
  5 leopard geckos
  128 orcs
  8 bats
  5 giant cockroaches
  18 goblins
  15 hobgoblins
  10 jackals
  5 quokkas
  A ball python (D:2)
  3 frilled lizards
  9 kobolds
  A kobold skeleton (Tar:3)
  A leopard gecko skeleton (D:5)
  A leopard gecko zombie (D:8)
  A quokka zombie (D:5)
  7 rats
  A ball lightning (Depths:3)
  50 blocks of ice
  A bush (Lair:4)
  76 fire vortices
  A lurking horror (Abyss:3)
  A starspawn tentacle (Abyss:3)
  15 tentacles
5398 creatures vanquished.

Vanquished Creatures (collateral kills)
  Ereshkigal (Tar:7)
  An ancient lich (Zot:5)
  A bone dragon (Tar:4)
  A lich (Tomb:1)
  A tentacled starspawn (Abyss:3)
  2 cacodemons (Pan)
  A lorocyproca (Pan)
  An ice dragon (Coc:7)
  3 death scarabs (Tomb:1)
  A titan skeleton (Tar:4)
  A skeletal warrior (Tomb:1)
  A torturous demonspawn (Pan)
  A smoke demon (Pan)
  3 guardian mummies (Tomb:1)
  A freezing wraith (Tar:4)
  2 flying skulls (Tar:7)
  3 shadows
  A chaos spawn (Pan)
  2 neqoxecs (Pan)
  A manticore zombie (Coc:7)
  2 wights (Tar:4)
  3 mummies
  A shadow imp (Tar:4)
  2 blocks of ice
  A foxfire (Lair:1)
38 creatures vanquished.

Vanquished Creatures (others)
  Boris (Depths:4)
  A golden dragon (Zot:2)
  2 tentacled monstrosities (Zot:3)
  A shadow dragon (Zot:3)
  A draconian monk (Zot:3)
  2 draconian stormcallers (Zot:3)
  A draconian annihilator (Zot:3)
  2 draconian shifters (Zot:3)
  A vampire knight (Crypt:2)
  4 red draconians (Zot:3)
  A black draconian (Zot:3)
  A white draconian (Zot:3)
  A deep elf death mage (Vaults:5)
  A blizzard demon (Pan)
  A dancing weapon (Elf:3)
  An anaconda zombie (Coc:7)
  A moth of wrath (Zot:3)
  A deep elf mage (Vaults:3)
  A rust devil (Hell)
  A golden eye (Abyss:3)
  A naga (Snake:3)
  A hell rat (Hell)
  A naga zombie (Geh:7)
  An orc (Orc:2)
  A kobold zombie (Geh:6)
  4 ball lightnings (Depths:3)
  246 blocks of ice
  302 fire vortices
  955 foxfires
  47 fungi
  180 plants
  7 starspawn tentacles (Abyss:3)
  12 tentacles
  8 toadstools (Lair:4)
1792 creatures vanquished.

Grand Total: 7228 creatures vanquished

Notes
Turn   | Place    | Note
-------+----------+-------------------------------------------
     0 | D:1      | 1994 the Octopode Fire Elementalist began the quest for the
                  | Orb.
     0 | D:1      | Reached XP level 1. HP: 11/11 MP: 3/3
   353 | D:1      | Reached XP level 2. HP: 18/18 MP: 1/5
   957 | D:1      | Reached XP level 3. HP: 22/22 MP: 2/6
  1510 | D:1      | Reached skill level 1 in Fighting
  1721 | D:2      | Noticed Terence
  2183 | D:2      | Found a blossoming altar of Fedhas.
  2387 | D:2      | Reached XP level 4. HP: 28/28 MP: 5/7
  2859 | D:2      | Learned a level 3 spell: Conjure Flame
  3299 | D:1      | Killed Terence
  3890 | D:2      | Found a blossoming altar of Fedhas.
  4111 | D:3      | Reached XP level 5. HP: 33/33 MP: 6/9
  4545 | D:3      | Found a hide-covered altar of Uskayaw.
  4548 | D:3      | Noticed a +0 dagger
  4549 | D:3      | Noticed a +0 hand axe
  4571 | D:3      | Reached skill level 1 in Shields
  4648 | D:3      | Found a broken altar of Ashenzari.
  4915 | D:3      | Reached XP level 6. HP: 39/39 MP: 5/10
  4996 | D:3      | Learned a level 4 spell: Sticky Flame
  5210 | D:3      | Noticed Robin
  5217 | D:3      | Killed Robin
  5709 | D:4      | Reached skill level 2 in Fighting
  6054 | D:4      | Reached XP level 7. HP: 34/45 MP: 8/11
  6392 | D:4      | Found an iron altar of Okawaru.
  6394 | D:4      | Found an opulent altar of Gozag.
  6611 | D:5      | Entered Level 5 of the Dungeon
  6670 | D:5      | Reached skill level 5 in Fire Magic
  7854 | D:6      | Reached XP level 8. HP: 35/51 MP: 4/13
  8174 | D:6      | Reached skill level 3 in Fighting
  8204 | D:6      | Reached skill level 5 in Conjurations
  8546 | D:6      | Found a stormy altar of Qazlal.
  9017 | D:7      | Found a staircase to the Ecumenical Temple.
  9090 | D:7      | Reached XP level 9. HP: 46/57 MP: 15/15
  9191 | Temple   | Entered the Ecumenical Temple
  9355 | Temple   | Became a worshipper of Vehumet
  9861 | D:8      | Found Yrao's Antique Armour Boutique.
  9952 | D:8      | Learned a level 5 spell: Fireball
  9980 | D:8      | Found a glowing golden altar of the Shining One.
  9997 | D:8      | Noticed Gastronok
 10028 | D:8      | Reached skill level 4 in Fighting
 10083 | D:8      | Learned a level 3 spell: Inner Flame
 10283 | D:8      | Noticed Maggie
 10325 | D:8      | Found Bacuedda's General Store.
 10354 | D:8      | Bought a potion of brilliance for 48 gold pieces
 10384 | D:8      | Killed Maggie
 10385 | D:8      | Reached skill level 5 in Stealth
 10548 | D:8      | Found Ujytz's Jewellery Emporium.
 10548 | D:8      | Noticed Harold
 10760 | D:7      | Found a staircase to the Ecumenical Temple.
 10791 | D:7      | Killed Harold
 10792 | D:7      | Reached skill level 5 in Spellcasting
 10792 | D:7      | Reached XP level 10. HP: 39/65 MP: 4/17
 11006 | D:8      | Found Wesmiski's General Store.
 11199 | D:8      | Found a shimmering blue altar of Sif Muna.
 11482 | D:9      | Reached * piety under Vehumet
 11482 | D:9      | Offered knowledge of Magic Dart by Vehumet.
 11721 | D:9      | Found Cenuh's Distillery.
 11732 | D:9      | Reached skill level 5 in Fighting
 11804 | D:9      | Bought a potion of magic for 80 gold pieces
 11906 | D:9      | Noticed an elephant
 12107 | D:8      | Found Wesmiski's General Store.
 12175 | D:8      | Found Ujytz's Jewellery Emporium.
 12213 | D:8      | Found a glowing golden altar of the Shining One.
 12226 | D:8      | Found Yrao's Antique Armour Boutique.
 12627 | D:9      | Killed an elephant
 12864 | D:9      | Found a staircase to the Lair.
 13434 | D:10     | Entered Level 10 of the Dungeon
 13442 | D:9      | Reached XP level 11. HP: 60/72 MP: 14/19
 13978 | D:9      | Found Cenuh's Distillery.
 14211 | D:9      | Found a staircase to the Lair.
 14395 | D:9      | Found Cenuh's Distillery.
 14823 | D:10     | Reached skill level 5 in Dodging
 15284 | D:10     | Noticed a two-headed ogre
 15296 | D:10     | Killed a two-headed ogre
 15512 | D:10     | Reached ** piety under Vehumet
 15565 | D:10     | Offered knowledge of Freeze by Vehumet.
 15845 | D:10     | Noticed a two-headed ogre
 15856 | D:10     | Killed a two-headed ogre
 15857 | D:10     | Reached skill level 6 in Fighting
 16141 | D:11     | Found a roughly hewn altar of Beogh.
 16141 | D:11     | Found a staircase to the Orcish Mines.
 16154 | D:11     | Offered knowledge of Static Discharge by Vehumet.
 16437 | D:11     | Found an ancient bone altar of Kikubaaqudgha.
 16468 | D:11     | Noticed Snorg
 16500 | D:11     | Noticed an eight-headed hydra
 16637 | D:10     | Killed an eight-headed hydra
 16802 | D:11     | Noticed a brown ugly thing
 16805 | D:11     | Killed a brown ugly thing
 16806 | D:11     | Reached skill level 10 in Fire Magic
 16837 | D:11     | Noticed Grum
 17119 | D:11     | Killed Grum
 17182 | D:11     | Killed Snorg
 17182 | D:11     | Reached *** piety under Vehumet
 17183 | D:11     | Reached XP level 12. HP: 80/80 MP: 0/21
 17720 | Lair:1   | Entered Level 1 of the Lair of Beasts
 18086 | Lair:1   | Noticed Erica
 18141 | Lair:1   | Killed Erica
 18142 | Lair:1   | Reached skill level 10 in Conjurations
 19077 | Lair:2   | Found a staircase to the Shoals.
 19142 | Lair:2   | Reached skill level 7 in Fighting
 19199 | Lair:2   | Noticed an eight-headed hydra
 19204 | Lair:2   | Killed an eight-headed hydra
 19782 | Lair:3   | Found a frozen archway.
 19912 | Lair:3   | Offered knowledge of Olgreb's Toxic Radiance by Vehumet.
 20004 | IceCv    | Entered an ice cave
 20245 | IceCv    | Reached skill level 10 in Stealth
 20353 | IceCv    | Reached XP level 13. HP: 74/86 MP: 18/24
 20419 | IceCv    | Noticed an ice dragon
 20419 | IceCv    | Noticed an ice dragon
 20576 | IceCv    | Killed an ice dragon
 20702 | IceCv    | Killed an ice dragon
 21579 | Lair:4   | Got a brightly glowing morningstar
 21580 | Lair:4   | Identified the +8 morningstar of the Shore {vorpal, +Inv
                  | rElec Will++ Dex-2} (You found it on level 4 of the Lair of
                  | Beasts)
 21616 | Lair:4   | Reached **** piety under Vehumet
 21813 | Lair:4   | Offered knowledge of Iskenderun's Mystic Blast by Vehumet.
 21819 | Lair:4   | Learned a level 4 spell: Iskenderun's Mystic Blast
 21877 | Lair:4   | Reached skill level 1 in Translocations
 22350 | Lair:4   | Found a staircase to the Snake Pit.
 22432 | Lair:4   | Reached skill level 8 in Fighting
 22502 | Lair:4   | Found a runed translucent door.
 23646 | Lair:5   | Found a large runed translucent door.
 23693 | Lair:5   | Reached ***** piety under Vehumet
 23693 | Lair:5   | Offered knowledge of Irradiate by Vehumet.
 23784 | Lair:5   | Learned a level 5 spell: Irradiate
 23787 | Lair:5   | Learned a level 2 spell: Passwall
 23975 | Lair:5   | Found a large runed translucent door.
 24352 | Lair:5   | Noticed binko's ghost (journeyman FoFi)
 24426 | Lair:6   | Entered Level 6 of the Lair of Beasts
 24429 | Lair:6   | Reached XP level 14. HP: 95/95 MP: 19/26
 24431 | Lair:6   | Reached skill level 1 in Transmutations
 24431 | Lair:6   | Reached skill level 1 in Earth Magic
 24819 | Lair:6   | Found a viscous altar of Jiyva.
 24819 | Lair:6   | Found a staircase to the Slime Pits.
 25695 | Lair:6   | Found a blossoming altar of Fedhas.
 26141 | Lair:6   | Found a large runed translucent door.
 26573 | Lair:6   | Found a large runed translucent door.
 27111 | Lair:5   | Killed binko's ghost
 27535 | D:8      | Found a glowing golden altar of the Shining One.
 27601 | D:8      | Killed Gastronok
 27789 | D:12     | Reached skill level 9 in Fighting
 28256 | D:12     | Noticed Jorgrun
 28264 | D:12     | Killed Jorgrun
 28265 | D:12     | Reached skill level 5 in Transmutations
 28266 | D:12     | Reached XP level 15. HP: 99/101 MP: 8/28
 28616 | D:12     | Noticed Nergalle
 28622 | D:12     | Killed Nergalle
 29608 | D:13     | Noticed Maurice
 29609 | D:13     | Killed Maurice
 29826 | D:13     | Offered knowledge of Spellforged Servitor by Vehumet.
 30104 | D:13     | Found Ymyutawn's Antique Weapon Emporium.
 30615 | D:14     | Found Isus's Gadget Shoppe.
 31185 | D:14     | Found a gate to the Vaults.
 31518 | D:15     | Entered Level 15 of the Dungeon
 31701 | D:15     | Noticed a frost giant
 31703 | D:15     | Killed a frost giant
 31871 | D:15     | Reached skill level 10 in Dodging
 31885 | D:15     | Reached skill level 10 in Spellcasting
 32671 | D:15     | Found a staircase to the Depths.
 32856 | Orc:1    | Entered Level 1 of the Orcish Mines
 33118 | Orc:1    | Found Suakate's Jewellery Shoppe.
 33370 | Orc:2    | Entered Level 2 of the Orcish Mines
 33374 | Orc:2    | Reached XP level 16. HP: 91/109 MP: 21/30
 33652 | Orc:2    | Found a staircase to the Elven Halls.
 33744 | Orc:2    | Reached skill level 10 in Fighting
 33911 | Orc:2    | Found a runed translucent gate.
 33946 | Orc:2    | Offered knowledge of Ozocubu's Refrigeration by Vehumet.
 34281 | Orc:2    | Found Qyzes's Armour Emporium.
 34281 | Orc:2    | Found Lirchang's Armour Shop.
 34382 | Orc:2    | Found a roughly hewn altar of Beogh.
 34604 | Orc:2    | Found a runed translucent gate.
 34605 | Orc:2    | Found a runed translucent gate.
 34606 | Orc:2    | Noticed thewurscht's ghost (journeyman MiFi)
 34606 | Orc:2    | Noticed MrPhil's ghost (journeyman HOFi)
 34607 | Orc:2    | Noticed Floopie's ghost (novice DDDe)
 34894 | Orc:2    | Found Joecw's Antique Armour Shop.
 34894 | Orc:2    | Found Qoxid's General Store.
 34907 | Orc:2    | Bought a scroll of fog for 28 gold pieces
 35495 | Orc:2    | Killed Floopie's ghost
 35899 | Orc:2    | Killed thewurscht's ghost
 35938 | Orc:2    | Killed MrPhil's ghost
 36295 | Shoals:1 | Entered Level 1 of the Shoals
 36460 | Orc:2    | Bought the +0 mask of the Dragon {Will+ Slay+3 SInv} for
                  | 434 gold pieces
 36460 | Orc:2    | Found the +0 mask of the Dragon {Will+ Slay+3 SInv}
 36535 | Orc:1    | Bought an uncursed ring of protection from cold for 300
                  | gold pieces
 36540 | Orc:1    | Learned a level 4 spell: Passage of Golubria
 36646 | D:10     | Learned a level 6 spell: Statue Form
 36815 | Shoals:1 | Noticed a kraken
 37231 | Shoals:1 | Killed a kraken
 37231 | Shoals:1 | Offered knowledge of Iskenderun's Battlesphere by Vehumet.
 37232 | Shoals:1 | Reached skill level 1 in Unarmed Combat
 38897 | Shoals:2 | Noticed Polyphemus
 38902 | Shoals:2 | Killed Polyphemus
 39332 | Shoals:2 | Reached skill level 5 in Earth Magic
 40040 | Shoals:3 | Reached XP level 17. HP: 116/116 MP: 30/32
 40052 | Shoals:3 | Offered knowledge of Starburst by Vehumet.
 40288 | D:9      | Learned a level 6 spell: Starburst
 41036 | Shoals:3 | Reached skill level 5 in Unarmed Combat
 41855 | Shoals:4 | Entered Level 4 of the Shoals
 42013 | Shoals:4 | Noticed Nikola
 42020 | Shoals:4 | Killed Nikola
 42251 | Shoals:4 | Offered knowledge of Iron Shot by Vehumet.
 42254 | Shoals:4 | Reached skill level 11 in Fighting
 42371 | Shoals:4 | Got a barnacled rune of Zot
 42599 | Shoals:4 | Identified the cursed +1 plate armour "Xoenostra" {rF++}
 43926 | Snake:1  | Entered Level 1 of the Snake Pit
 44078 | D:9      | Learned a level 6 spell: Iron Shot
 44244 | Snake:1  | Noticed Frances
 44245 | Snake:1  | Found a broken altar of Ashenzari.
 44251 | Snake:1  | Killed Frances
 44441 | Snake:1  | Reached XP level 18. HP: 124/124 MP: 29/33
 44481 | Snake:1  | You fall into a shaft and drop 1 floor!
 44892 | Snake:2  | Reached skill level 15 in Stealth
 44923 | Snake:2  | Found Puad's Weapon Shop.
 45320 | Snake:2  | Bought 3 curare-tipped darts for 32 gold pieces
 45583 | Snake:3  | Found Ybovim's Jewellery Shoppe.
 45583 | Snake:3  | Found Vyskeups's Gadget Boutique.
 45821 | Snake:3  | Found Soed's Jewellery Shoppe.
 45857 | Snake:3  | Bought the ring "Geylill" {*Drain +Inv rElec rC+++ EV+4}
                  | for 1641 gold pieces
 46126 | Snake:3  | Offered knowledge of Lehudib's Crystal Spear by Vehumet.
 47508 | Snake:4  | Entered Level 4 of the Snake Pit
 47657 | Snake:4  | Reached skill level 10 in Transmutations
 48040 | Snake:4  | Reached XP level 19. HP: 130/130 MP: 34/34
 48059 | Snake:4  | Reached ****** piety under Vehumet
 48282 | Snake:4  | Reached skill level 10 in Earth Magic
 48310 | Snake:4  | Reached skill level 12 in Fighting
 48339 | Snake:4  | Got a serpentine rune of Zot
 48640 | Snake:3  | Bought the ring "Xaur" {rF+ MP+9 Slay+4} for 1506 gold
                  | pieces
 48903 | Elf:1    | Entered Level 1 of the Elven Halls
 49079 | Elf:1    | Reached skill level 10 in Unarmed Combat
 49251 | Elf:1    | Identified the Compendium of Attacks
 49590 | Elf:1    | Found Garcha's General Store.
 49882 | Elf:2    | Offered knowledge of Shatter by Vehumet.
 49882 | Elf:2    | Offered knowledge of Chain Lightning by Vehumet.
 49882 | Elf:2    | Offered knowledge of Tornado by Vehumet.
 49986 | Elf:2    | Found a runed translucent gate.
 49987 | Elf:2    | Found a runed translucent gate.
 49987 | Elf:2    | Found a runed translucent gate.
 50261 | Elf:2    | Found Ypsirr's Weapon Emporium.
 50528 | Elf:2    | Reached XP level 20. HP: 138/138 MP: 35/35
 51068 | Elf:3    | Entered Level 3 of the Elven Halls
 51433 | Elf:3    | Identified a scroll of acquirement
 51436 | Elf:3    | Acquired the +9 staff of Wucad Mu {channel}
 51437 | Elf:3    | Found the +9 staff of Wucad Mu {channel}
 51445 | Elf:3    | Noticed Aizul
 51480 | Elf:3    | Killed Aizul
 51654 | Elf:3    | Found a runed translucent gate.
 51654 | Elf:3    | Noticed thewurscht's ghost (adept BaFi)
 51655 | Elf:3    | Found a runed translucent gate.
 51655 | Elf:3    | Found a runed translucent gate.
 51832 | Elf:3    | Found a runed translucent gate.
 51833 | Elf:3    | Found a runed translucent gate.
 51833 | Elf:3    | Found a runed translucent gate.
 51951 | Elf:3    | Reached skill level 1 in Evocations
 52303 | Elf:3    | Identified the cursed +1 robe of Grace {*Corrode +Fly
                  | Int+8}
 52320 | Elf:3    | Identified the amulet of Xifim {Acrobat +Blink}
 52669 | Elf:3    | Reached skill level 13 in Fighting
 52677 | Elf:3    | Identified the +6 halberd "Ediepn" {vorpal, rC+ Dex+3
                  | Stlth+}
 52684 | Elf:3    | Identified the ring of the Death Scarab {rElec rC+ Int+8}
 53066 | Elf:3    | Killed thewurscht's ghost
 53120 | Elf:3    | Got a fine bronze ring
 53121 | Elf:3    | Identified the ring of Tischiov {rF- Will- Str+6 Dex+9
                  | Stlth+} (You found it on level 3 of the Elven Halls)
 53492 | Vaults:1 | Entered Level 1 of the Vaults
 53584 | Vaults:1 | Reached XP level 21. HP: 145/145 MP: 37/37
 54348 | Elf:1    | Bought a +2 kite shield for 264 gold pieces
 54795 | Vaults:1 | Reached skill level 5 in Shields
 55843 | Vaults:2 | Reached skill level 14 in Fighting
 56642 | Vaults:3 | Reached XP level 22. HP: 154/154 MP: 38/38
 57505 | Vaults:3 | Found a staircase to the Crypt.
 57505 | Vaults:3 | Found a basalt altar of Yredelemnul.
 57505 | Vaults:3 | Noticed Frederick
 57506 | Vaults:3 | Found an ancient bone altar of Kikubaaqudgha.
 57514 | Vaults:3 | Killed Frederick
 57698 | Vaults:4 | Reached skill level 10 in Shields
 58710 | Vaults:4 | Reached skill level 15 in Fighting
 59109 | Vaults:4 | Learned a level 8 spell: Ignition
 59338 | Crypt:1  | Entered Level 1 of the Crypt
 59408 | Crypt:1  | Found a basalt altar of Yredelemnul.
 59827 | Crypt:1  | Identified the ring of Eternity {*Slow rC+ rN+ AC+4}
 59945 | Crypt:1  | Identified Sif Muna's Disquisition on Arcane Weapons and
                  | Transformation
 60669 | Crypt:2  | Reached XP level 23. HP: 162/162 MP: 39/39
 60745 | Crypt:2  | Reached skill level 15 in Unarmed Combat
 60892 | Crypt:2  | Noticed Utoppaes's ghost (veteran GrFi)
 61381 | Crypt:2  | Found a transporter.
 61385 | Crypt:2  | Found a transporter.
 61457 | Crypt:2  | Found a basalt altar of Yredelemnul.
 61919 | Crypt:2  | Reached skill level 5 in Evocations
 61927 | Crypt:2  | Killed Utoppaes's ghost
 62135 | Crypt:2  | Identified the ring "Acuit" {*Drain rElec rC- Will+ Str+9}
                  | (You found it on level 2 of the Crypt)
 62179 | Crypt:3  | Entered Level 3 of the Crypt
 62318 | Crypt:3  | Acquired a book of Minor Magic
 62323 | Crypt:3  | Learned a level 2 spell: Blink
 62325 | Crypt:3  | Acquired 843 gold pieces
 63026 | Crypt:3  | Found a staircase to the Tomb.
 63562 | Crypt:3  | Noticed an ancient lich
 63566 | Crypt:3  | Killed an ancient lich
 63692 | Crypt:3  | Found an ancient bone altar of Kikubaaqudgha.
 63756 | Crypt:3  | Noticed an ancient lich
 63766 | Crypt:3  | Killed an ancient lich
 63767 | Crypt:3  | Reached skill level 16 in Fighting
 63973 | Crypt:3  | Identified the Papyrus of Darkness
 64007 | Crypt:3  | Upgraded the game from 0.26-a0-1038-gfb849e850a to
                  | 0.26-a0-1049-g242049e08c
 64450 | Orc:1    | Bought the macabre finger necklace {rN+} for 480 gold
                  | pieces
 64450 | Orc:1    | Found the macabre finger necklace {rN+}
 64735 | Vaults:5 | Entered Level 5 of the Vaults
 64735 | Vaults:5 | Noticed a golden dragon
 64737 | Vaults:5 | Reached XP level 24. HP: 158/171 MP: 39/39
 65046 | Depths:1 | Entered Level 1 of the Depths
 65061 | Depths:1 | Noticed Mara
 65072 | D:15     | Killed Mara
 65073 | D:15     | Reached skill level 15 in Shields
 65140 | Depths:1 | Noticed Bai Suzhen
 65147 | Depths:1 | Killed Bai Suzhen
 65249 | Depths:1 | Paralysed by a great orb of eyes for 6 turns
 65468 | Depths:1 | Found a gateway to Hell.
 65605 | Depths:1 | Reached skill level 10 in Evocations
 65809 | Depths:1 | Found a one-way gate to the infinite horrors of the Abyss.
 65878 | Depths:1 | Noticed a juggernaut
 65883 | Depths:1 | Killed a juggernaut
 65884 | Depths:1 | Reached skill level 17 in Fighting
 66263 | Depths:2 | Reached XP level 25. HP: 180/180 MP: 39/39
 67183 | Depths:2 | Learned a level 1 spell: Apportation
 67436 | Depths:2 | Found a gateway to a ziggurat.
 67587 | Depths:2 | You fall into a shaft and drop 1 floor!
 68212 | Depths:3 | Found a sacrificial altar of Ru.
 68212 | Depths:3 | Found a hazy altar of Hepliaklqana.
 68223 | Depths:3 | Noticed a juggernaut
 68224 | Depths:3 | Found a sparkling altar of Nemelex Xobeh.
 68224 | Depths:3 | Found a shimmering blue altar of Sif Muna.
 68227 | Depths:3 | Identified the +7 rapier of Kismet {antimagic, *Rage rElec
                  | Will+ Int+3}
 68237 | Depths:3 | Identified the +9 short sword of the Unliving {flame, rF-
                  | Int+4 Dex+4}
 68240 | Depths:3 | Killed a juggernaut
 68241 | Depths:3 | Reached skill level 15 in Fire Magic
 68241 | Depths:3 | Found a hazy altar of Hepliaklqana.
 68579 | Depths:3 | Found a sparkling altar of Nemelex Xobeh.
 68613 | Depths:3 | Found a one-way gate leading to the halls of Pandemonium.
 68763 | Depths:3 | Noticed Larunk's ghost (veteran DgAE)
 68765 | Depths:3 | Found a runed translucent door.
 69070 | Depths:3 | Reached XP level 26. HP: 189/189 MP: 29/40
 69394 | Depths:4 | Noticed a juggernaut
 69394 | Depths:4 | Noticed Boris
 69405 | Depths:4 | Killed Boris
 69408 | Depths:4 | Killed a juggernaut
 69409 | Depths:4 | Reached skill level 18 in Fighting
 70949 | Depths:4 | Learned a level 9 spell: Shatter
 71302 | Snake:3  | Bought an uncursed ring of willpower for 350 gold pieces
 71444 | D:8      | Bought a scroll of enchant armour for 90 gold pieces
 72034 | Depths:5 | Entered Level 5 of the Depths
 72109 | Depths:5 | Found a gate to the Realm of Zot.
 72578 | Depths:5 | Found Puumn's Magic Scroll Shoppe.
 72582 | Depths:5 | Found Loffae's Antique Armour Emporium.
 72583 | Depths:5 | Found Suzeyf's Armour Shoppe.
 72586 | Depths:5 | Bought a scroll of teleportation for 60 gold pieces
 72964 | Depths:5 | Bought a scroll of acquirement for 1040 gold pieces
 73261 | Vaults:5 | HP: 5/248 [ettin/+0 dire flail (26)]
 73268 | Vaults:5 | Reached XP level 27. HP: 47/198 MP: 41/41
 73294 | Vaults:5 | Reached skill level 19 in Fighting
 73759 | Vaults:5 | Reached skill level 15 in Earth Magic
 74064 | Vaults:5 | Identified the ring of Ymeeseob {rElec rC- Dex+4 SInv}
 74076 | Vaults:5 | Noticed Saint Roka
 74082 | Vaults:5 | Killed Saint Roka
 74087 | Vaults:5 | Identified the amulet "Operchaa" {rElec Regen+ Dex+7}
 74481 | Vaults:5 | Got a silver rune of Zot
 75188 | Hell     | Entered the Vestibule of Hell
 75188 | Hell     | Noticed Geryon
 75195 | Hell     | Killed Geryon
 75200 | Hell     | Reached skill level 20 in Fighting
 75411 | Hell     | Found a gateway to the ashen valley of Gehenna.
 75488 | Hell     | Found a gateway to the freezing wastes of Cocytus.
 75598 | Hell     | Found a gateway to the Iron City of Dis.
 75818 | Hell     | Found a gateway to the decaying netherworld of Tartarus.
 76186 | Slime:1  | Entered Level 1 of the Pits of Slime
 76198 | Slime:1  | Gained mutation: Your body sometimes deteriorates upon
                  | taking damage. [a shining eye]
 77015 | Slime:2  | Gained mutation: Your body often deteriorates upon taking
                  | damage. [a shining eye]
 77805 | D:8      | Bought a potion of mutation for 112 gold pieces
 79667 | Slime:5  | Entered Level 5 of the Pits of Slime
 79678 | Slime:5  | Reached skill level 15 in Spellcasting
 79828 | Slime:5  | Noticed the Royal Jelly
 79832 | Slime:5  | Killed the Royal Jelly
 80219 | Slime:5  | Found the +0 sword of Power
 80220 | Slime:5  | Found the ring of Robustness {AC+8}
 80751 | Slime:5  | Identified the ring of Okawaru's Favour {+Fly MP-9 Str+3
                  | Int+7 Stlth-} (You found it on level 5 of the Pits of
                  | Slime)
 80938 | Slime:5  | Got a slimy rune of Zot
 81374 | Zot:1    | Entered Level 1 of the Realm of Zot
 81573 | Depths:3 | Killed Larunk's ghost
 82340 | Zot:1    | Reached skill level 21 in Fighting
 82425 | Zot:1    | Lost mutation: Your body often deteriorates upon taking
                  | damage. [potion of mutation]
 82425 | Zot:1    | Lost mutation: Your body sometimes deteriorates upon taking
                  | damage. [potion of mutation]
 82425 | Zot:1    | Gained mutation: You have a pair of small antennae on your
                  | head. [potion of mutation]
 82425 | Zot:1    | Gained mutation: You expend magic power (3 MP) to
                  | strengthen your wands. [potion of mutation]
 82459 | Zot:1    | Learned a level 9 spell: Fire Storm
 83170 | Zot:2    | Found a runed translucent gate.
 83170 | Zot:2    | Found a runed translucent gate.
 83170 | Zot:2    | Found a runed translucent gate.
 83170 | Zot:2    | Noticed Ufemuhich's ghost (legendary MiBe)
 84006 | Zot:2    | Acquired the +7 tower shield of the Mackerel {rN+ Str+4}
 84120 | Depths:5 | Acquired 797 gold pieces
 84554 | Zot:2    | Killed Ufemuhich's ghost
 84604 | Zot:2    | Identified the ring of Donuhi {+Fly rN+ Dex+5} (You found
                  | it on level 2 of the Realm of Zot)
 85571 | Zot:3    | Noticed an orb of fire
 86205 | Zot:4    | Noticed an orb of fire
 86229 | Zot:4    | Gained mutation: You are weak. (Str -2) [an orb of fire]
 86232 | Zot:4    | Gained mutation: Your magical capacity is low. (-10% MP)
                  | [an orb of fire]
 86233 | Zot:4    | Gained mutation: You occasionally shout uncontrollably at
                  | your foes. [an orb of fire]
 86235 | Zot:4    | Killed an orb of fire
 86260 | Zot:4    | Lost mutation: You expend magic power (3 MP) to strengthen
                  | your wands. [potion of mutation]
 86260 | Zot:4    | Lost mutation: You occasionally shout uncontrollably at
                  | your foes. [potion of mutation]
 86260 | Zot:4    | Lost mutation: You have a pair of small antennae on your
                  | head. [potion of mutation]
 86260 | Zot:4    | Lost mutation: Your magical capacity is low. (-10% MP)
                  | [potion of mutation]
 86260 | Zot:4    | Gained mutation: Your magical capacity is low. (-10% MP)
                  | [potion of mutation]
 86260 | Zot:4    | Gained mutation: You expend magic power (3 MP) to
                  | strengthen your wands. [potion of mutation]
 86261 | Zot:4    | Lost mutation: You are weak. (Str -2) [potion of mutation]
 86261 | Zot:4    | Lost mutation: Your magical capacity is low. (-10% MP)
                  | [potion of mutation]
 86261 | Zot:4    | Gained mutation: Scrolls take you a little longer to read.
                  | [potion of mutation]
 86261 | Zot:4    | Gained mutation: You are partially covered in rugged brown
                  | scales. (AC +1, +3% HP) [potion of mutation]
 87618 | Zot:5    | Entered Level 5 of the Realm of Zot
 87684 | Zot:5    | Acquired 997 gold pieces
 87693 | Zot:5    | Reached skill level 15 in Conjurations
 88210 | Zot:5    | Noticed an ancient lich
 88218 | Zot:5    | Noticed an orb of fire
 88226 | Zot:5    | Killed an ancient lich
 88227 | Zot:5    | Reached skill level 22 in Fighting
 88228 | Zot:5    | Killed an orb of fire
 88676 | Zot:5    | Noticed an ancient lich
 88676 | Zot:5    | Noticed an ancient lich
 88681 | Zot:5    | Killed an ancient lich
 88681 | Zot:5    | Killed an ancient lich
 88789 | Zot:5    | Noticed an orb of fire
 88794 | Zot:5    | Killed an orb of fire
 88960 | Zot:5    | Noticed an ancient lich
 88964 | Zot:5    | Killed an ancient lich
 89171 | Zot:5    | Noticed an ancient lich
 89172 | Zot:5    | Noticed an ancient lich
 89173 | Zot:5    | Killed an ancient lich
 89178 | Zot:5    | Killed an ancient lich
 89343 | Zot:5    | Noticed an ancient lich
 89348 | Zot:5    | Noticed an orb of fire
 89354 | Zot:5    | Killed an ancient lich
 89357 | Zot:5    | Gained mutation: You are frail. (-10% HP) [an orb of fire]
 89362 | Zot:5    | Killed an orb of fire
 89605 | Zot:5    | Noticed an ancient lich
 89610 | Zot:5    | Killed an ancient lich
 89959 | Coc:1    | Entered Level 1 of Cocytus
 90605 | Coc:3    | You fall into a shaft and drop 3 floors!
 90659 | Coc:7    | Entered Level 7 of Cocytus
 90720 | Coc:7    | Noticed Antaeus
 90730 | Coc:7    | HP: 5/194 [elemental wellspring/torrent of water (19)]
 90735 | Coc:7    | Lost mutation: Scrolls take you a little longer to read.
                  | [potion of mutation]
 90735 | Coc:7    | Lost mutation: You are frail. (-10% HP) [potion of
                  | mutation]
 90735 | Coc:7    | Lost mutation: You expend magic power (3 MP) to strengthen
                  | your wands. [potion of mutation]
 90735 | Coc:7    | Gained mutation: Scrolls take you a little longer to read.
                  | [potion of mutation]
 90735 | Coc:7    | Gained mutation: Your body sometimes deteriorates upon
                  | taking damage. [potion of mutation]
 90735 | Coc:7    | Gained mutation: Your system is resistant to poisons.
                  | (rPois) [potion of mutation]
 90736 | Coc:7    | Lost mutation: Scrolls take you a little longer to read.
                  | [potion of mutation]
 90736 | Coc:7    | Lost mutation: You are partially covered in rugged brown
                  | scales. (AC +1, +3% HP) [potion of mutation]
 90736 | Coc:7    | Gained mutation: You possess an exceptional clarity of
                  | mind. [potion of mutation]
 90736 | Coc:7    | Gained mutation: Your spells are a little harder to cast,
                  | but a little more powerful. [potion of mutation]
 90757 | Coc:7    | Reached skill level 15 in Evocations
 90759 | Coc:7    | Reached skill level 23 in Fighting
 91717 | Coc:7    | Killed Antaeus
 92023 | Coc:7    | Got an icy rune of Zot
 92180 | Tar:1    | Entered Level 1 of Tartarus
 93095 | Tar:4    | Learned a level 9 spell: Absolute Zero
 93188 | Tar:5    | Reached skill level 1 in Ice Magic
 93617 | Tar:3    | Reached skill level 5 in Ice Magic
 93735 | Tar:3    | You fall into a shaft and drop 3 floors!
 93737 | Tar:6    | You fall into a shaft and drop 1 floor!
 93737 | Tar:7    | Entered Level 7 of Tartarus
 93911 | Tar:7    | Reached skill level 24 in Fighting
 94694 | Tar:7    | Reached skill level 10 in Ice Magic
 94816 | Tar:7    | Noticed Ereshkigal
 94822 | Tar:7    | Killed Ereshkigal
 94966 | Tar:7    | Got a bone rune of Zot
 94983 | Tar:7    | Identified the +8 dagger "Ruetir" {freeze, rPois Str+2
                  | Int+4} (You found it on level 7 of Tartarus)
 94989 | Tar:7    | Identified the cursed +1 spear of Offence {vorpal, *Rage
                  | rPois rN+ Dex+4} (You found it on level 7 of Tartarus)
 94999 | Tar:7    | Identified the cursed +1 trident of the Curious Hosts
                  | {vorpal, rPois Will+} (You found it on level 7 of Tartarus)
 95188 | Tar:7    | Identified the Reference Book on Ashen Darkness
 95626 | Geh:1    | Entered Level 1 of Gehenna
 95904 | Geh:7    | Entered Level 7 of Gehenna
 95943 | Geh:7    | Reached skill level 25 in Fighting
 96229 | Geh:7    | Reached skill level 15 in Ice Magic
 96311 | Geh:7    | Identified the +11 hand axe "Ifuevin" {drain, rN+ Will+
                  | Dex-3}
 96700 | Geh:7    | Got an obsidian rune of Zot
 97065 | Geh:7    | Got a pitted silver ring
 97065 | Geh:7    | Identified the +7 sceptre of Asmodeus
 97065 | Geh:7    | Identified the ring "Ojeghyloi" {Wiz rF++ Str-3 Dex+2
                  | Slay+6}
 97065 | Geh:7    | Noticed Asmodeus
 97066 | Geh:7    | Killed Asmodeus
 97105 | Geh:7    | Identified the ring "Qanaun" {rElec rF- rC+ MP+9 Str+7}
                  | (You found it on level 7 of Gehenna)
 97526 | Dis:1    | Entered Level 1 of the Iron City of Dis
 98983 | Dis:6    | Reached skill level 26 in Fighting
 99344 | Dis:7    | Entered Level 7 of the Iron City of Dis
 99555 | Dis:7    | Noticed the Serpent of Hell
 99560 | Dis:7    | Killed the Serpent of Hell
 99907 | Dis:7    | Identified the ring of Sisuzxaq {*Drain Int+3 Slay+4}
100193 | Dis:7    | Identified Kehiped's Incunabulum of Bewitching Clay
100465 | Dis:7    | Got a steaming copper ring
100466 | Dis:7    | Identified the ring of Contentment {*Drain Will+ Int+7
                  | Dex+6} (You found it on level 7 of the Iron City of Dis)
100472 | Dis:7    | Identified the Collected Works on Ashen Heat
100861 | Dis:7    | Identified the +4 staff of Dispater
100861 | Dis:7    | Noticed Dispater
100862 | Dis:7    | Killed Dispater
100863 | Dis:7    | Reached skill level 15 in Dodging
100953 | Dis:7    | Got an iron rune of Zot
101565 | Depths:4 | Voluntarily entered the Abyss.
101617 | Abyss:1  | Found a corrupted altar of Lugonu.
101630 | Depths:4 | Escaped the Abyss
101632 | Depths:4 | Voluntarily entered the Abyss.
101711 | Depths:4 | Escaped the Abyss
101733 | Depths:4 | Voluntarily entered the Abyss.
102145 | Abyss:1  | Found a corrupted altar of Lugonu.
102713 | Abyss:3  | Found a shimmering altar of Xom.
102713 | Abyss:3  | Found a sparkling altar of Nemelex Xobeh.
102713 | Abyss:3  | Found a shimmering blue altar of Sif Muna.
102713 | Abyss:3  | Found a blossoming altar of Fedhas.
102713 | Abyss:3  | Found a shadowy altar of Dithmenos.
102713 | Abyss:3  | Found a broken altar of Ashenzari.
102713 | Abyss:3  | Found a white marble altar of Elyvilon.
102713 | Abyss:3  | Found a stormy altar of Qazlal.
102713 | Abyss:3  | Found a basalt altar of Yredelemnul.
102713 | Abyss:3  | Found a hide-covered altar of Uskayaw.
102715 | Abyss:3  | Found an iron altar of Okawaru.
102717 | Abyss:3  | Found an ancient bone altar of Kikubaaqudgha.
102717 | Abyss:3  | Found a hazy altar of Hepliaklqana.
102717 | Abyss:3  | Found a burning altar of Makhleb.
102722 | Abyss:3  | Found an opulent altar of Gozag.
102722 | Abyss:3  | Found a glowing golden altar of the Shining One.
102722 | Abyss:3  | Found a snail-covered altar of Cheibriados.
102722 | Abyss:3  | Found an ornate altar of the Wu Jian Council.
102724 | Abyss:3  | Found a glowing silver altar of Zin.
102724 | Abyss:3  | Found a radiant altar of Vehumet.
102724 | Abyss:3  | Found a glowing golden altar of the Shining One.
102941 | Abyss:3  | Found a corrupted altar of Lugonu.
102943 | Abyss:3  | Got an abyssal rune of Zot
102949 | Depths:4 | Escaped the Abyss
103062 | Pan      | Entered Pandemonium
103163 | Pan      | Noticed Lywimifoz the pandemonium lord
103167 | Pan      | Killed Lywimifoz the pandemonium lord
104158 | Pan      | Noticed Bol Dine the pandemonium lord
104160 | Pan      | Killed Bol Dine the pandemonium lord
104767 | Pan      | Noticed Zuemuej the pandemonium lord
104769 | Pan      | Killed Zuemuej the pandemonium lord
104932 | Pan      | Noticed Culiu the pandemonium lord
104934 | Pan      | Killed Culiu the pandemonium lord
105341 | Pan      | Noticed Ginanar the pandemonium lord
105350 | Pan      | Killed Ginanar the pandemonium lord
105598 | Pan      | Entered the realm of Mnoleg.
105599 | Pan      | Gained mutation: You are weak. (Str -2) [a cacodemon]
105865 | Pan      | Noticed Mnoleg
105868 | Pan      | Killed Mnoleg
106017 | Pan      | Got a glowing rune of Zot
106321 | Pan      | Identified the +8 dagger of Asibauni {vorpal, +Blink Str+3
                  | Int+4}
106326 | Pan      | Reached skill level 27 in Fighting
106704 | Pan      | Noticed Saeruciule the pandemonium lord
106706 | Pan      | Killed Saeruciule the pandemonium lord
107084 | Pan      | Found a glowing golden altar of the Shining One.
107087 | Pan      | Got a demonic rune of Zot
107102 | Pan      | Noticed a seraph
107103 | Pan      | Killed a seraph
107107 | Pan      | Identified the +9 dagger "Loeceow" {vorpal, Str+3}
107172 | Pan      | Identified the Papyrus of Enchantment and the Voyage
107180 | Pan      | Identified Ydad's Collected Works on Poison and Ice
107182 | Pan      | Identified Libletza's Volume of the Traveller and Sinister
                  | Magic
107187 | Pan      | Identified Jotim's Compendium of Shape Shifting and
                  | Intoxication
107296 | Depths:4 | Escaped Pandemonium
107376 | Pan      | Entered Pandemonium
108049 | Pan      | Reached skill level 1 in Staves
108708 | Pan      | Identified Dispater's Guide on Supportive Clay
109428 | Depths:4 | Escaped Pandemonium
109430 | Pan      | Entered Pandemonium
109788 | Pan      | Noticed Pixzocet the pandemonium lord
109795 | Pan      | Killed Pixzocet the pandemonium lord
110085 | Pan      | Reached skill level 5 in Staves
110109 | Pan      | Entered the realm of Gloorx Vloq.
110454 | Pan      | Found an exit through the horrors of the Abyss.
111166 | Pan      | Noticed Gloorx Vloq
111514 | Pan      | Killed Gloorx Vloq
111562 | Pan      | Got a dark rune of Zot
111823 | Pan      | Entered the realm of Cerebov.
111918 | Pan      | Identified the +9 dagger of Pit Udusor {drain, +Inv rElec
                  | Dex-2}
112081 | Pan      | Identified Sif Muna's Papyrus of Frigorific Clay
112175 | Pan      | Identified the +6 sword of Cerebov {flame}
112175 | Pan      | Noticed Cerebov
112176 | Pan      | Killed Cerebov
112225 | Pan      | Identified the +8 spear "Yhocabru" {holy, rC+ rN+ Dex+2}
                  | (You found it in Pandemonium)
112246 | Pan      | Got a fiery rune of Zot
112484 | Pan      | Identified the +12 demon blade of the Tooth {pain, rF++}
                  | (You found it in Pandemonium)
112619 | Pan      | Identified the cursed +1 morningstar of Yssimp {vorpal, rF+
                  | Str+2 Dex+3} (You found it in Pandemonium)
112811 | Pan      | Found an exit through the horrors of the Abyss.
113028 | Pan      | Found a transporter.
113493 | Pan      | Found a transporter.
113951 | Pan      | Identified the ring "Qualar" {rElec rN+ rCorr} (You found
                  | it in Pandemonium)
114065 | Pan      | Noticed Moips the pandemonium lord
114066 | Pan      | Killed Moips the pandemonium lord
114091 | Pan      | Gained mutation: You are dopey. (Int -2) [a neqoxec]
114105 | Pan      | Lost mutation: You possess an exceptional clarity of mind.
                  | [potion of mutation]
114105 | Pan      | Lost mutation: Your spells are a little harder to cast, but
                  | a little more powerful. [potion of mutation]
114105 | Pan      | Lost mutation: Your body sometimes deteriorates upon taking
                  | damage. [potion of mutation]
114105 | Pan      | Lost mutation: You are weak. (Str -2) [potion of mutation]
114106 | Pan      | Lost mutation: You are dopey. (Int -2) [potion of mutation]
114106 | Pan      | Lost mutation: Your system is resistant to poisons. (rPois)
                  | [potion of mutation]
114106 | Pan      | Gained mutation: You occasionally shout uncontrollably at
                  | your foes. [potion of mutation]
114106 | Pan      | Gained mutation: You are agile. (Dex +2) [potion of
                  | mutation]
114408 | Pan      | Gained mutation: Your magical capacity is low. (-10% MP) [a
                  | neqoxec]
114795 | Pan      | Gained mutation: Scrolls take you a little longer to read.
                  | [a neqoxec]
114804 | Pan      | Lost mutation: Your magical capacity is low. (-10% MP)
                  | [potion of mutation]
114804 | Pan      | Lost mutation: You are agile. (Dex +2) [potion of mutation]
114804 | Pan      | Lost mutation: Scrolls take you a little longer to read.
                  | [potion of mutation]
114804 | Pan      | Lost mutation: You occasionally shout uncontrollably at
                  | your foes. [potion of mutation]
114804 | Pan      | Gained mutation: You possess an exceptional clarity of
                  | mind. [potion of mutation]
114804 | Pan      | Gained mutation: You are frail. (-10% HP) [potion of
                  | mutation]
114804 | Pan      | Gained mutation: You are resistant to electric shocks.
                  | (rElec) [potion of mutation]
114804 | Pan      | Gained mutation: You passively map a small area around you.
                  | [potion of mutation]
114805 | Pan      | Lost mutation: You possess an exceptional clarity of mind.
                  | [potion of mutation]
114805 | Pan      | Lost mutation: You passively map a small area around you.
                  | [potion of mutation]
114805 | Pan      | Lost mutation: You are frail. (-10% HP) [potion of
                  | mutation]
114805 | Pan      | Gained mutation: Your system is resistant to poisons.
                  | (rPois) [potion of mutation]
114805 | Pan      | Gained mutation: Your spells are a little easier to cast,
                  | but a little less powerful. [potion of mutation]
114805 | Pan      | Gained mutation: Your mind is acute. (Int +2) [potion of
                  | mutation]
114807 | Pan      | Lost mutation: Your spells are a little easier to cast, but
                  | a little less powerful. [potion of mutation]
114807 | Pan      | Lost mutation: Your mind is acute. (Int +2) [potion of
                  | mutation]
114807 | Pan      | Lost mutation: Your system is resistant to poisons. (rPois)
                  | [potion of mutation]
114807 | Pan      | Lost mutation: You are resistant to electric shocks.
                  | (rElec) [potion of mutation]
114807 | Pan      | Gained mutation: Your flesh is heat resistant. (rF+)
                  | [potion of mutation]
114807 | Pan      | Gained mutation: You are partially covered in rugged brown
                  | scales. (AC +1, +3% HP) [potion of mutation]
114807 | Pan      | Gained mutation: You are agile. (Dex +2) [potion of
                  | mutation]
115391 | Pan      | Found an exit through the horrors of the Abyss.
115880 | Pan      | Entered the realm of Lom Lobon.
115880 | Pan      | Found an exit through the horrors of the Abyss.
116451 | Pan      | Noticed Lom Lobon
116453 | Pan      | Killed Lom Lobon
116524 | Pan      | Got a magical rune of Zot
116789 | Pan      | Found a runed translucent door.
116791 | Pan      | Found a runed translucent door.
116793 | Pan      | Found a runed translucent door.
116795 | Pan      | Noticed Pauvim the pandemonium lord
116798 | Pan      | Killed Pauvim the pandemonium lord
116804 | Depths:4 | Escaped Pandemonium
117403 | Tomb:1   | Entered Level 1 of the Tomb of the Ancients
117838 | D:9      | Bought a potion of lignification for 30 gold pieces
117838 | D:9      | Bought a potion of curing for 30 gold pieces
117838 | D:9      | Bought a potion of heal wounds for 50 gold pieces
117838 | D:9      | Bought a potion of resistance for 100 gold pieces
117838 | D:9      | Bought a potion of resistance for 100 gold pieces
117838 | D:9      | Bought a potion of cancellation for 80 gold pieces
117838 | D:9      | Bought a potion of curing for 30 gold pieces
117838 | D:9      | Bought a potion of resistance for 100 gold pieces
117838 | D:9      | Bought a potion of might for 40 gold pieces
117838 | D:9      | Bought a potion of curing for 30 gold pieces
117838 | D:9      | Bought a potion of curing for 30 gold pieces
117876 | D:8      | Bought a potion of cancellation for 96 gold pieces
118070 | Elf:1    | Bought a potion of brilliance for 64 gold pieces
118070 | Elf:1    | Bought a potion of magic for 128 gold pieces
118070 | Elf:1    | Bought a potion of heal wounds for 80 gold pieces
118070 | Elf:1    | Bought a scroll of holy word for 120 gold pieces
118883 | Orc:2    | Bought a scroll of fog for 28 gold pieces
118883 | Orc:2    | Bought the ring "Lait" {Wiz rPois rF+} for 674 gold pieces
119580 | Tomb:1   | Acquired 534 gold pieces
119762 | Tomb:1   | Learned a level 7 spell: Spellforged Servitor
119768 | Tomb:1   | Noticed Khufu
119769 | Tomb:1   | Killed Khufu
119778 | Tomb:1   | Noticed a royal mummy
119782 | Tomb:1   | Killed a royal mummy
120309 | Tomb:1   | Noticed a royal mummy
120313 | Tomb:1   | Killed a royal mummy
120314 | Tomb:1   | Noticed a royal mummy
120318 | Tomb:1   | Killed a royal mummy
120323 | Tomb:1   | Noticed a royal mummy
120324 | Tomb:1   | Noticed a royal mummy
120328 | Tomb:1   | Noticed a royal mummy
120329 | Tomb:1   | Killed a royal mummy
120329 | Tomb:1   | Killed a royal mummy
120330 | Tomb:1   | Killed a royal mummy
120480 | Tomb:1   | Noticed a royal mummy
120787 | Tomb:1   | Noticed a royal mummy
120790 | Tomb:1   | Killed a royal mummy
120795 | Tomb:1   | Noticed a royal mummy
120807 | Tomb:1   | Killed a royal mummy
120976 | Tomb:1   | Killed a royal mummy
121702 | Tomb:1   | Noticed a royal mummy
121703 | Tomb:1   | Killed a royal mummy
121761 | Tomb:1   | Noticed a royal mummy
121762 | Tomb:1   | Killed a royal mummy
121862 | Tomb:1   | Noticed a royal mummy
121864 | Tomb:1   | Killed a royal mummy
121917 | Tomb:1   | Noticed a royal mummy
121919 | Tomb:1   | Killed a royal mummy
122304 | Tomb:2   | Noticed a royal mummy
122304 | Tomb:2   | Noticed a royal mummy
122305 | Tomb:2   | Noticed a royal mummy
122305 | Tomb:2   | Noticed a royal mummy
122306 | Tomb:2   | Noticed a royal mummy
122307 | Tomb:2   | Killed a royal mummy
122307 | Tomb:2   | Killed a royal mummy
122308 | Tomb:2   | Killed a royal mummy
122308 | Tomb:2   | Killed a royal mummy
122308 | Tomb:2   | Killed a royal mummy
122308 | Tomb:2   | HP: 4/230 [something (25)]
122317 | Tomb:2   | Noticed Boris
122322 | Tomb:2   | Killed Boris
123243 | Tomb:3   | Entered Level 3 of the Tomb of the Ancients
123250 | Tomb:3   | Noticed a royal mummy
123252 | Tomb:3   | Killed a royal mummy
123681 | Tomb:3   | Noticed a royal mummy
123684 | Tomb:3   | Killed a royal mummy
123685 | Tomb:3   | Noticed a royal mummy
123686 | Tomb:3   | Killed a royal mummy
123757 | Tomb:3   | Noticed a royal mummy
123760 | Tomb:3   | Killed a royal mummy
124024 | Tomb:3   | Noticed a royal mummy
124026 | Tomb:3   | Killed a royal mummy
124094 | Tomb:3   | Noticed a royal mummy
124095 | Tomb:3   | Killed a royal mummy
124164 | Tomb:3   | Noticed an ancient lich
124166 | Tomb:3   | Killed an ancient lich
124363 | Tomb:3   | Identified the Volume of Flying Poison
124414 | Tomb:3   | Got a heavily runed lead ring
124415 | Tomb:3   | Identified the ring of Polytheism {rF+ Str+2} (You found it
                  | on level 3 of the Tomb of the Ancients)
124670 | Tomb:3   | Noticed a royal mummy
124671 | Tomb:3   | Killed a royal mummy
124671 | Tomb:3   | Noticed a royal mummy
124676 | Tomb:3   | Killed a royal mummy
125264 | Tomb:3   | Got a golden rune of Zot
125959 | Zot:5    | Got the Orb of Zot
125997 | Zot:5    | Noticed Amparot the pandemonium lord
126003 | Zot:5    | Killed Amparot the pandemonium lord
126109 | Zot:1    | Noticed Enairhil the pandemonium lord
126110 | Zot:1    | Killed Enairhil the pandemonium lord
126662 | D:$      | Escaped with the Orb!

Illustrated notes

Levels and vault maps discovered:
D:1:      tarquinn_simple_flora_water_e, layout_loops_ring
D:2:      layout_loops_corners, fedhas_ov_isle_minmay, serial_aquarium,
          aquarium_bridge_island_small [aquarium_subvault_small_open,
          aquarium_subvault_wall, aquarium_subvault_balcony,
          aquarium_subvault_wall, aquarium_subvault_bridge],
          aquarium_window_fake, aquarium_window_fake, aquarium_window_1,
          aquarium_view_2a, aquarium_pool_corner, uniq_terence
D:3:      cheibrodos_helix_gallery, layout_loops_corners, ashenzari_altar_1,
          dancing_weapons_uskayaw, uniq_robin
D:4:      layout_basic, nicolae_overflow_hidden_temple,
          hangedman_decor_clover_reticule
D:5:      layout_basic
D:6:      layout_cave_pools, grunt_qazlal_clouds
D:7:      layout_basic, minmay_temple_entry_mini_moons
D:8:      layout_basic, kennysheep_mini, tso_metal_star, serial_shops,
          shop_fountains, shop, shop, shop_statue, kennysheep_crisscross,
          uniq_gastronok, uniq_maggie, uniq_harold
D:9:      layout_basic, david_lair_generic, serial_shops, shop_fountains
D:10:     layout_basic
D:11:     layout_cave_pools, david_orc_5, basic_altar, uniq_snorg, uniq_grum
D:12:     layout_gridville, minivault_16, uniq_nergalle, uniq_jorgrun
D:13:     layout_irregular_city, serial_co_window_serial,
          co_window_of_opportunity_a, co_window_paths_b,
          co_window_of_opportunity_a, co_window_paths_b, co_window_paths_a,
          co_window_corner_b, co_window_2corner, co_window_corner_b,
          co_window_of_opportunity_b, co_window_broadway_c, co_window_corner_b,
          co_window_paths_e, glass_columns_a, glass_columns_a,
          grunt_decor_junction, minmay_shop_grid_forest,
          hangedman_decor_opposing, uniq_maurice
D:14:     layout_cave_pools, ximxim_vaults_locker_room, serial_shops, shop,
          hangedman_abyss_or_decor_clamps, nicolae_straight_to_the_point
D:15:     grunt_enter_depths_snipers, layout_cave_pools,
          hangedman_abyss_or_decor_passed
Temple:   bh_familiar_temple
Lair:1:   layout_big_grid, grunt_megastairs_5, uniq_erica
Lair:2:   layout_gridlike, shoals_dummy_entry, lemuel_another_geyser,
          serial_bayou_shore_a, grunt_megastairs_3, lemuel_fruit_tree,
          lemuel_fruit_fields
Lair:3:   layout_long_grid, portal_ice_cave_entry_ice_beasts
Lair:4:   gammafunk_lair_enchanted_lake, layout_regular_city,
          guppyfry_snake_entry_island
Lair:5:   layout_regular_city, ebering_ghost_disaster_area
Lair:6:   cheibrodos_lair_end_hotspot, layout_long_grid,
          dpeg_slime_entry_enclosed_altar, basic_altar, st_stairs_11,
          guppyfry_lair_drakes
Shoals:1: layout_shoals, hangedman_shoal_volcano
Shoals:2: layout_shoals, uniq_polyphemus
Shoals:3: layout_shoals, abandoned_shop, nicolae_shoals_siren_and_animal_friends
Shoals:4: shoals_end_grunt_ice, layout_shoals, uniq_nikola
Snake:1:  layout_misc_corridors, basic_altar, serial_bayou_shore_b, uniq_frances
Snake:2:  layout_onion, serial_shops, shop
Snake:3:  layout_layer_cave, minmay_shop_grove, grunt_megastairs_2
Snake:4:  grunt_snake_rune_pools, layout_onion
Slime:1:  layout_caves
Slime:2:  layout_caves, nicolae_slime_phagocytosis
Slime:3:  layout_caves
Slime:4:  layout_caves, cheibrodos_slime_lost_civilization_4
Slime:5
Orc:1:    layout_diamond_mine, serial_shops, nicolae_shop_stone
Orc:2:    st_orc_town, layout_caves, gammafunk_ghost_cemetery
Elf:1:    layout_loops_cross, serial_shops, nicolae_shop_behind_doors,
          minmay_elf_sorcery, minivault_20
Elf:2:    layout_onion_city, serial_shops, nicolae_shop_behind_doors,
          minmay_strange_pillars, minmay_strange_pillars
Elf:3:    minmay_elf_hall_curves, layout_gridlike, gammafunk_ghost_split,
          hangedman_elven_pyramids, einodemon_crawler_minivault, uniq_aizul
Vaults:1: nicolae_vaults_rhombus_7, nicolae_vaults_shelves_hall,
          hangedman_vaults_corner_blocks, st_spiral_rooms,
          nicolae_vaults_big_angled_halls, dpeg_vaults_monster_box,
          nicolae_vaults_rhombus_7, nicolae_vaults_little_squares_4,
          nicolae_vaults_three_branches, grunt_vaults_hallway_short,
          grunt_vaults_diagonal, v_misc_4, vaults_room_stairs_pillars,
          vaults_mumra_hexcomb, layout_vaults_ring
Vaults:2: nicolae_vaults_big_angled_halls, v_misc_2, vaults_mumra_minichess,
          v_misc_22, vaults_room_corners, hangedman_vaults_nails,
          layout_vaults_omnigrid
Vaults:3: v_alt_pattern_1, ontoclasm_vaults_tryst, ontoclasm_vaults_fire_temple,
          ontoclasm_vaults_pinch, nicolae_vaults_network_periphery,
          minmay_crypt_entry_necro_gods, nicolae_vaults_little_squares_1,
          vaults_dpeg_diagonal, v_misc_8, v_rooms_2, layout_vaults_maze,
          uniq_frederick
Vaults:4: nicolae_vaults_network_star, v_misc_27, hangedman_vaults_trim,
          nicolae_vaults_back_hallway, st_hourglassy, v_misc_29,
          nicolae_vaults_sealed_display, nicolae_vaults_mini_display_case,
          grunt_vaults_hallway_short, nicolae_vaults_theta,
          nicolae_vaults_shelves_hall, layout_vaults_omnibox
Vaults:5: serial_shops, uniq_saint_roka, uniq_margery
Crypt:1:  layout_chaotic_city, basic_altar, serial_sigils_hangedman_stare,
          minmay_misc_feat_cross, grunt_megastairs_4
Crypt:2:  layout_chaotic_city, gammafunk_ghost_mausoleum, st_stairs_5,
          lemuel_mausoleum_altar_yredelemnul
Crypt:3:  quadcrypt_mu
Tomb:1:   uniq_khufu
Tomb:2
Tomb:3
Depths:1: layout_long_grid, hellmouth_3, minmay_misc_feat_hallway,
          marbit_kobold_abyss_entry, minmay_shattered_shrine, uniq_mara,
          uniq_bai_suzhen
Depths:2: evilmike_diamond_2, layout_cave_pools, enter_ziggurat_d, abyss_entry,
          serial_sigils, serial_sigils_hangedman_snap,
          serial_sigils_hangedman_etch, serial_sigils_hangedman_quiver,
          serial_sigils_hangedman_carve, serial_sigils_hangedman_writhe,
          hell_entry
Depths:3: minmay_the_grid_octo_tiled_squarecenter_mashed
          [minmay_the_grid_octo_vomiting_pacman, minmay_the_grid_octo_shrine,
          minmay_the_grid_octo_checkerflower, minmay_the_grid_octo_chip,
          minmay_the_grid_square_5x5_megaprize_diamond,
          minmay_the_grid_square_5x5_detours,
          minmay_the_grid_square_5x5_inner_z, minmay_the_grid_square_5x5_mess,
          minmay_the_grid_square_5x5_bracketed], layout_gridlike,
          nicolae_twisting_strands, gammafunk_ghost_grave,
          pf_hell_entry_great_geh, rand_demon_pan_entry_5, grunt_ministairs_11
Depths:4: minmay_connected_boxes_in_corner, layout_gridlike, abyss_entry,
          rand_demon_pan_entry_8, hell_entry, grunt_decor_fettered,
          kennysheep_random_hallway, uniq_boris
Depths:5: grunt_crosshair, layout_cross, hangedman_tar_grid_catacomb,
          minmay_shop_star, serial_bayou_shore_b
Hell
Dis:1:    layout_gridville, nicolae_dis_hell_towers
Dis:2:    layout_jigsaw
Dis:3:    layout_gridville
Dis:4:    layout_overlapping_boxes
Dis:5:    layout_subdivisions
Dis:6:    layout_jigsaw
Dis:7:    dis_hangedman
Geh:1:    layout_gehenna_pools_triple, lemuel_flamethrower_2
Geh:2:    layout_gehenna_pools_basic, evilmike_ambush
          [evilmike_ambush_outer_basic, evilmike_ambush_inner_wall_2]
Geh:3:    layout_gehenna_lava_caves
Geh:4:    layout_gehenna_pools_basic
Geh:5:    layout_gehenna_pools_triple, nicolae_geh_single_fiery_grave
Geh:6:    layout_gehenna_lava_caves
Geh:7:    geh_grunt_pentagon
Coc:1:    layout_ice_bergs
Coc:2:    layout_ice_bergs
Coc:3:    layout_cocytus_water_paths
Coc:6:    layout_ice_bergs
Coc:7:    coc_dpeg
Tar:1:    layout_catacombs, nicolae_tar_cuneiform_sun,
          nicolae_tar_cuneiform_heaven
Tar:2:    layout_honeycomb
Tar:3:    layout_grid_maze
Tar:4:    layout_catacombs
Tar:5:    layout_honeycomb, nicolae_tar_cuneiform_two
Tar:6:    layout_cathedral_of_symmetry
Tar:7:    tar_minmay_river
Zot:1:    layout_cathedral_of_symmetry
Zot:2:    layout_cathedral_of_symmetry, gammafunk_ghost_split,
          st_small_dragon_hoard_5
Zot:3:    layout_misc_corridors, nrook_zot_tub
Zot:4:    grunt_deathspiral_small, layout_onion_interference, grunt_ministairs_7
Zot:5:    layout_gridlike

Skill      XL: |  1  2  3  4  5  6  7  8  9 10 11 12 13 14 15 16 17 18 19 20 21 22 23 24 25 26 27 |
---------------+----------------------------------------------------------------------------------+-----
Fighting       | 1 2 3 4 5 6 7 8 9 10 11 12 13 14 15 16 17 18 27 | 27.0
Conjurations   | 2 3 4 5 7 8 9 10 11 12 20 | 20.0
Fire Magic     | 4 5 6 8 9 10 11 12 13 14 15 20 | 20.1
Shields        | 1 2 3 4 8 12 14 15 25 | 25.0
Spellcasting   | 3 4 5 6 7 8 9 10 11 12 13 14 25 | 25.4
Stealth        | 3 5 7 8 10 11 12 13 14 15 16 17 | 17.7
Dodging        | 4 6 7 8 10 11 12 13 14 22 | 22.1
Translocations | 3 |  3.0
Transmutations | 5 6 8 10 11 | 11.0
Earth Magic    | 3 5 7 9 11 13 24 | 24.8
Unarmed Combat | 4 6 9 10 12 13 14 15 16 17 18 | 18.1
Evocations     | 1 3 7 10 12 13 15 | 15.0
Ice Magic      | 21 | 21.0
Staves         | 8 |  8.0

Action                   |  1- 3 |  4- 6 |  7- 9 | 10-12 | 13-15 | 16-18 | 19-21 | 22-24 | 25-27 || total
-------------------------+-------+-------+-------+-------+-------+-------+-------+-------+-------++-------
Melee: Unarmed           |     2 |       |       |       |       |   321 |   642 |  1033 |  1366 ||  3364
       Constrict         |     6 |    14 |    23 |    14 |    14 |    53 |   114 |   114 |   276 ||   628
       Short sword       |    15 |     7 |       |       |       |       |       |       |       ||    22
       Tentacles         |     3 |     6 |    24 |    36 |    11 |   110 |   122 |   225 |   506 ||  1043
       Dagger            |       |    44 |    96 |    90 |       |       |       |       |       ||   230
       Trident           |       |       |       |    33 |       |       |       |       |       ||    33
       Staff             |       |       |       |     1 |     1 |    11 |     9 |     7 |   665 ||   694
       Morningstar       |       |       |       |       |    70 |    69 |       |       |       ||   139
       Punch             |       |       |       |       |       |    27 |    47 |   111 |   346 ||   531
Throw: Stone             |     3 |     4 |     2 |       |       |       |       |       |       ||     9
       Dart              |       |       |       |     3 |     7 |     6 |       |       |     1 ||    17
 Cast: Foxfire           |    69 |    86 |   151 |   214 |    34 |     9 |       |       |       ||   563
       Conjure Flame     |       |     1 |     1 |       |       |       |       |       |       ||     2
       Sticky Flame      |       |       |     8 |    65 |    13 |     1 |       |       |       ||    87
       Fireball          |       |       |     1 |    58 |   276 |   294 |    85 |    32 |   132 ||   878
       Inner Flame       |       |       |       |     4 |       |       |       |       |       ||     4
       Iskenderun's Myst |       |       |       |       |    52 |     8 |       |       |       ||    60
       Irradiate         |       |       |       |       |    13 |    16 |    12 |     5 |    21 ||    67
       Passwall          |       |       |       |       |       |     1 |       |     1 |     9 ||    11
       Starburst         |       |       |       |       |       |    37 |       |       |       ||    37
       Iron Shot         |       |       |       |       |       |    16 |    60 |   100 |   646 ||   822
       Statue Form       |       |       |       |       |       |    24 |    44 |    37 |    72 ||   177
       Ignition          |       |       |       |       |       |       |       |    21 |   169 ||   190
       Blink             |       |       |       |       |       |       |       |     3 |    41 ||    44
       Passage of Golubr |       |       |       |       |       |       |       |     2 |     1 ||     3
       Shatter           |       |       |       |       |       |       |       |       |   342 ||   342
       Fire Storm        |       |       |       |       |       |       |       |       |   374 ||   374
       Absolute Zero     |       |       |       |       |       |       |       |       |   309 ||   309
       Apportation       |       |       |       |       |       |       |       |       |    51 ||    51
       Spellforged Servi |       |       |       |       |       |       |       |       |     5 ||     5
 Abil: End Transformatio |       |       |       |       |       |     1 |     1 |     1 |     8 ||    11
       Evoke Flight      |       |       |       |       |       |       |       |       |     1 ||     1
Evoke: Wand              |       |       |     5 |       |     2 |       |       |     1 |    13 ||    21
  Use: Scroll            |     1 |       |    10 |     5 |    11 |     7 |     8 |     4 |    46 ||    92
       Potion            |     1 |       |       |       |       |       |     1 |       |    37 ||    39
 Stab: Sleeping          |       |     3 |     7 |       |       |     1 |     7 |    24 |     6 ||    48
       Paralysed         |       |       |     4 |       |       |       |       |       |       ||     4
       Distracted        |       |       |       |       |       |     1 |     1 |     1 |     6 ||     9
       Petrifying        |       |       |       |       |       |       |     1 |       |       ||     1
Armor: Skin              |     2 |     9 |    12 |    36 |    30 |   170 |   283 |   298 |   608 ||  1448
Dodge: Dodged            |    21 |    41 |    72 |   182 |   110 |   572 |   748 |   668 |  1889 ||  4303
Block: Buckler           |       |    11 |    29 |    71 |    81 |   475 |   351 |       |       ||  1018
       Reflection        |       |       |       |       |     8 |    74 |    69 |    19 |       ||   170
       Kite shield       |       |       |       |       |       |       |   302 |   898 |  1546 ||  2746
       Tower shield      |       |       |       |       |       |       |       |       |   878 ||   878

Table legend: (Time is in decaauts)
 A = Elapsed time spent in this place.
 B = Non-inter-level travel time spent in this place.
 C = Inter-level travel time spent in this place.
 D = Time resting spent in this place.
 E = Time spent auto-exploring this place.
 F = Levels seen in this place.
 G = Mean time per level.
                   A        B        C        D        E       F      G
               +--------+--------+--------+--------+--------+-----+--------+
         Total | 130462 | 115442 |  15020 |  44699 |  39575 | 121 | 1078.2 |
       Dungeon |  26862 |  22127 |   4735 |   7496 |  10077 |  15 | 1790.8 |
        Temple |    189 |    155 |     34 |      0 |    153 |   1 |  189.0 |
          Lair |   9916 |   8601 |   1315 |   3646 |   3459 |   6 | 1652.7 |
        Shoals |   7024 |   6702 |    322 |   3378 |   2166 |   4 | 1756.0 |
     Snake Pit |   5350 |   4952 |    398 |   1327 |   2151 |   4 | 1337.5 |
    Slime Pits |   3477 |   3202 |    275 |   1215 |   1492 |   5 |  695.4 |
  Orcish Mines |   4072 |   2970 |   1102 |   1327 |    895 |   2 | 2036.0 |
   Elven Halls |   5588 |   4676 |    912 |   1051 |   1985 |   3 | 1862.7 |
        Vaults |   9533 |   7528 |   2005 |   1864 |   3617 |   5 | 1906.6 |
         Crypt |   6061 |   5120 |    941 |   1660 |   1816 |   3 | 2020.3 |
          Tomb |   6084 |   5913 |    171 |   3704 |    759 |   3 | 2028.0 |
        Depths |   9538 |   7988 |   1550 |   2797 |   3064 |   5 | 1907.6 |
          Hell |   1637 |   1511 |    126 |    862 |    374 |   1 | 1637.0 |
           Dis |   3805 |   3701 |    104 |   1575 |    620 |   7 |  543.6 |
       Gehenna |   1735 |   1656 |     79 |    871 |      0 |   7 |  247.9 |
       Cocytus |   2096 |   2078 |     18 |    936 |    298 |   5 |  419.2 |
      Tartarus |   2859 |   2768 |     91 |   1341 |    391 |   7 |  408.4 |
           Zot |   8708 |   7870 |    838 |   3910 |   2471 |   5 | 1741.6 |
         Abyss |   1353 |   1353 |      0 |     96 |    255 |   5 |  270.6 |
   Pandemonium |  13635 |  13635 |      0 |   5206 |   3527 |  27 |  505.0 |
      Ice Cave |    929 |    929 |      0 |    431 |      3 |   1 |  929.0 |
               +--------+--------+--------+--------+--------+-----+--------+

Top non-repeatable levels by time:
     D:9: 3380 daAuts
  Tomb:1: 3086 daAuts
 Crypt:3: 2937 daAuts
    D:10: 2767 daAuts
   Orc:2: 2737 daAuts
  Lair:6: 2651 daAuts
   Zot:5: 2588 daAuts
Depths:4: 2550 daAuts
   Elf:3: 2530 daAuts
 Snake:3: 2328 daAuts
Depths:2: 2221 daAuts
     D:2: 2210 daAuts
  Lair:4: 2147 daAuts
   Zot:2: 2142 daAuts
     D:8: 2110 daAuts
